 Dungeon Crawl Stone Soup version 0.26-a0-651-gb41185065b (webtiles) character file.

Game seed: 16342435308527136199

1339134 Ijustatesigmund the Victor of a Thousand Battles (level 27, -5/243 HPs)
             Began as a Demonspawn Fighter on Sept 25, 2020.
             Was the Champion of Okawaru.
             Killed from afar by a hellion (20 damage)
             ... with damnation
             ... in Pandemonium on Sept 30, 2020.
             The game lasted 08:43:05 (113499 turns).

Ijustatesigmund (DsFi)                            Turns: 113499, Time: 08:43:06

Health: -5/243     AC: 32    Str: 25      XL:     27
Magic:  13/13      EV: 28    Int: 18 (19) God:    Okawaru [******]
Gold:   12576      SH: 31    Dex: 20 (21) Spells: 26/38 levels left

rFire    + + +     SeeInvis +   k - +9 broad axe of Indignation {antimagic, *Noise +Rage Dex+4}
rCold    + + +     Faith    .   Z - +8 tower shield {rPois}
rNeg     + + +     Spirit   .   A - +7 fire dragon scales {Xtahua}
rPois    +         Reflect  .   (helmet unavailable)
rElec    +         Harm     .   r - scarf {repulsion}
rCorr    +         Rampage  .   c - +3 pair of gauntlets of War {Slay+5}
MR       ++++.                  W - +5 pair of boots of the Pink Corner {+Blink rElec rPois Int+5}
Stlth    ++++......             o - amulet "Zougur" {rC++ MR+++ Regen+ Dex-3 Stlth-}
HPRegen  0.90/turn              U - ring "Suetseli" {rN+ Str+7}
MPRegen  0.13/turn              j - ring "Enlew" {+Fly rC+++ rN+ MR- rCorr}

@: studying 2 skills, invisible, repel missiles
A: antennae 3, beak, claws 1, hooves 1, blurry vision 1, deformed body,
deterioration 1, fire resistance 1, ignite blood, negative energy resistance 1,
poison resistance, screaming 1, shaggy fur 2, spiny 3, 50% torment resistance,
black mark, flame cloud immunity, sturdy frame 3
}: 13/15 runes: decaying, silver, golden, iron, obsidian, icy, bone, abyssal,
glowing, magical, fiery, dark, gossamer
a: Heroism, Finesse, Renounce Religion, Evoke Blink, Evoke Berserk Rage, Evoke
Flight


You were in Pandemonium.
You worshipped Okawaru.
Okawaru was exalted by your worship.
You visited 17 branches of the dungeon, and saw 84 of its levels.
You visited Pandemonium 2 times, and saw 25 of its levels.
You visited the Abyss 2 times.
You visited 1 bazaar.
You visited 2 ziggurats, and saw 23 of their levels (deepest: 14).
You also visited: Bailey, Gauntlet and Desolation.

You collected 18271 gold pieces.
You spent 5695 gold pieces at shops.

Inventory:

Hand Weapons
 k - the +9 broad axe of Indignation (weapon) {antimagic, *Noise +Rage Dex+4}
   (You acquired it on level 3 of the Vaults)

   It reduces the magical energy of the wielder, and disrupts the spells and
   magical abilities of those hit.
   Natural abilities and divine invocations are not affected.
   It affects your dexterity (+4).
   It lets you go berserk.
   It may make noises in combat.
 L - a +9 broad axe of flaming
Missiles
 z - 16 datura-tipped darts (quivered)
Armour
 a - a +2 pair of boots of running
 c - the +3 pair of gauntlets of War (worn) {Slay+5}
   (You bought it in a shop on level 4 of the Vaults)

   It affects your accuracy and damage with ranged weapons and melee attacks
   (+5).
 r - a scarf of repulsion (worn)
 A - +7 fire dragon scales (worn) {Xtahua}
 W - the +5 pair of boots of the Pink Corner (worn) {+Blink rElec rPois Int+5}
   (Okawaru gifted it to you on level 3 of the Abyss)

   It affects your intelligence (+5).
   It insulates you from electricity.
   It protects you from poison.
   It lets you blink.
 Z - a +8 tower shield of poison resistance (worn)
Jewellery
 b - the ring "Wodiedyu" {rPois AC+4}
   (You took it off an ancient champion on level 7 of the Iron City of Dis)

   [ring of protection]

   It affects your AC (+4).
   It protects you from poison.
 d - the ring "Wuunud" {MR+ Str+9 Dex+6}
   (You found it on level 10 of the Dungeon)

   [ring of dexterity]

   It affects your strength (+9).
   It affects your dexterity (+6).
   It affects your resistance to hostile enchantments.
 j - the ring "Enlew" (right hand) {+Fly rC+++ rN+ MR- rCorr}
   (You took it off a balrug on level 7 of Gehenna)

   [ring of resist corrosion]

   It renders you almost immune to cold.
   It protects you from negative energy.
   It affects your resistance to hostile enchantments.
   It lets you fly.
   It provides partial protection from all sources of acid and corrosion.
 n - the ring "Malewkue" {rF+ rC+ SInv}
   (You found it on level 1 of the Swamp)

   [ring of protection from cold]

   It protects you from fire.
   It protects you from cold.
   It lets you see invisible.
 o - the amulet "Zougur" (around neck) {rC++ MR+++ Regen+ Dex-3 Stlth-}
   (You took it off a centaur on level 11 of the Dungeon)

   [amulet of regeneration]

   It affects your dexterity (-3).
   It greatly protects you from cold.
   It affects your resistance to hostile enchantments.
   It increases your rate of regeneration.
   It makes you less stealthy.
 u - the amulet of Moejuvuf {Acrobat Str+4}
   (You took it off a black sun in Pandemonium)

   [amulet of the acrobat]

   It helps you evade while moving and waiting.
   It affects your strength (+4).
 D - the ring of Cibokheo {*Corrode rC+ EV+4 Str+4 Dex+4}
   (You found it in the Desolation of Salt)

   [ring of evasion]

   It affects your evasion (+4).
   It affects your strength (+4).
   It affects your dexterity (+4).
   It protects you from cold.
   It may corrode you when you take damage.
 G - the ring "Rolyfago" {rElec Int+6}
   (You took it off an ancient champion on level 7 of the Iron City of Dis)

   [ring of intelligence]

   It affects your intelligence (+6).
   It insulates you from electricity.
 M - an uncursed ring of protection from fire
 P - a +4 ring of slaying
 T - the ring "Nycup" {rC++ Dex+6}
   (You found it in the Desolation of Salt)

   [ring of dexterity]

   It affects your dexterity (+6).
   It greatly protects you from cold.
 U - the ring "Suetseli" (left hand) {rN+ Str+7}
   (You found it in the Desolation of Salt)

   [ring of positive energy]

   It affects your strength (+7).
   It protects you from negative energy.
Wands
 g - a wand of flame (92)
 t - a wand of digging (20)
 w - a wand of acid (4)
 C - a wand of polymorph (57)
 O - a wand of iceblast (46)
Scrolls
 h - 43 scrolls of remove curse
 p - 4 scrolls of magic mapping
 q - 3 scrolls of immolation
 s - 2 scrolls of brand weapon
 y - 4 scrolls of teleportation
 E - 9 scrolls of fear
 F - 2 scrolls of silence
 H - 3 scrolls of fog
 I - 14 scrolls of amnesia
 J - 2 scrolls of identify
Potions
 e - a potion of berserk rage
 f - a potion of mutation
 i - 12 potions of brilliance
 l - 14 potions of stabbing
 m - 6 potions of resistance
 B - 9 potions of flight
 K - 15 potions of ambrosia
 N - a potion of cancellation
 Q - 2 potions of heal wounds
 S - 9 potions of curing
 X - 3 potions of magic
Books
 v - a manual of Translocations
 R - a manual of Spellcasting
Miscellaneous
 x - a condenser vane (2/2)
 V - a phantom mirror


   Skills:
 - Level 25.6 Fighting
 O Level 27 Axes
 - Level 5.7 Throwing
 - Level 21.9 Armour
 - Level 20.0 Dodging
 - Level 11.6 Stealth
 - Level 18.9 Shields
 + Level 6.0 Spellcasting
 + Level 15.1 Conjurations
 - Level 15.4 Translocations
 + Level 15.4 Ice Magic
 + Level 15.4 Air Magic
 O Level 27 Invocations
 - Level 25.5 Evocations


You had 26 spell levels left.
You knew the following spells:

 Your Spells              Type           Power        Failure   Level
a - Apportation           Tloc           ######       1%          1
b - Blink                 Tloc           N/A          1%          2
c - Lesser Beckoning      Tloc           ######....   1%          3
d - Freezing Cloud        Conj/Ice/Air   ######....   9%          6

Your spell library contained the following spells:

 Spells                   Type           Power        Failure   Level
 Foxfire                  Conj/Fire      ####         1%          1
 Freeze                   Ice            ####         1%          1
 Magic Dart               Conj           ####         1%          1
 Shock                    Conj/Air       ####         1%          1
 Corpse Rot               Necr/Air       N/A          1%          2
 Ensorcelled Hibernation  Hex/Ice        ####..       1%          2
 Poisonous Vapours        Pois/Air       ####..       1%          2
 Searing Ray              Conj           ######       1%          2
 Swiftness                Air            ######..     1%          2
 Frozen Ramparts          Ice            ######       1%          3
 Gell's Gravitas          Tloc           ######....   1%          3
 Mephitic Cloud           Conj/Pois/Air  #####...     1%          3
 Ozocubu's Armour         Ice            ######..     1%          3
 Static Discharge         Conj/Air       ######..     1%          3
 Teleport Other           Tloc           ######..     1%          3
 Airstrike                Air            ######....   1%          4
 Hailstorm                Conj/Ice       ######..     1%          4
 Iskenderun's Mystic Bla  Conj/Tloc      ######..     1%          4
 Passage of Golubria      Tloc           N/A          1%          4
 Iskenderun's Battlesphe  Conj           ######..     1%          5
 Lightning Bolt           Conj/Air       ######....   1%          5
 Conjure Flame            Conj/Fire      ####....     3%          3
 Dazzling Flash           Conj/Hex       ####..       3%          3
 Portal Projectile        Hex/Tloc       ####..       3%          3
 Stone Arrow              Conj/Erth      ####..       3%          3
 Dispersal                Tloc           ######....   8%          6
 Ozocubu's Refrigeration  Ice            ######....   8%          6
 Conjure Ball Lightning   Conj/Air       ######....   9%          6
 Ice Form                 Ice/Tmut       ####....     12%         4
 Summon Ice Beast         Ice/Summ       ####....     12%         4
 Summon Lightning Spire   Summ/Air       ####....     12%         4
 Fulminant Prism          Conj/Hex       ####......   13%         4
 Sticky Flame             Conj/Fire      ####....     13%         4
 Animate Skeleton         Necr           #.....       28%         1
 Beastly Appendage        Tmut           #.....       28%         1
 Corona                   Hex            #......      28%         1
 Pain                     Necr           #...         28%         1
 Sandblast                Erth           #.....       28%         1
 Sting                    Tmut/Pois      #...         28%         1
 Summon Small Mammal      Summ           #...         28%         1
 Silence                  Hex/Air        ####......   32%         5
 Fireball                 Conj/Fire      ####......   34%         5
 Irradiate                Conj/Tmut      ####......   34%         5
 Metabolic Englaciation   Hex/Ice        ####......   34%         5
 Summon Forest            Summ/Tloc      ####......   34%         5
 Call Imp                 Summ           #.......     41%         2
 Passwall                 Tmut/Erth      #.......     41%         2
 Slow                     Hex            #.......     41%         2
 Sublimation of Blood     Necr           #.........   41%         2
 Wereblood                Tmut           #.......     41%         2
 Orb of Destruction       Conj           ######....   43%         7
 Call Canine Familiar     Summ           #.......     65%         3
 Confusing Touch          Hex            #.......     65%         3
 Ignite Poison            Fire/Tmut/Pois #.......     65%         3
 Inner Flame              Hex/Fire       #.......     65%         3
 Spider Form              Tmut/Pois      #.........   65%         3
 Summon Guardian Golem    Hex/Summ       #.......     65%         3
 Tukima's Dance           Hex            #.......     65%         3
 Vampiric Draining        Necr           #.........   65%         3
 Bolt of Magma            Conj/Fire/Erth ###.......   71%         5
 Simulacrum               Ice/Necr       ####......   88%         6
 Iron Shot                Conj/Erth      ####......   89%         6
 Starburst                Conj/Fire      ####......   89%         6
 Animate Dead             Necr           #.........   96%         4
 Cause Fear               Hex            #.........   96%         4
 Dispel Undead            Necr           #.......     96%         4
 Leda's Liquefaction      Hex/Erth       #.........   96%         4
 Olgreb's Toxic Radiance  Pois           #.......     96%         4
 Petrify                  Tmut/Erth      #.......     96%         4
 Chain Lightning          Conj/Air       ######....   98%         8
 Disjunction              Tloc           ######....   98%         8
 Agony                    Necr           #.......     100%        5
 Alistair's Intoxication  Tmut/Pois      #........    100%        5
 Blade Hands              Tmut           #.........   100%        5
 Borgnjor's Vile Clutch   Necr/Erth      #.........   100%        5
 Excruciating Wounds      Necr           #.........   100%        5
 Lee's Rapid Deconstruct  Erth           #.........   100%        5
 Summon Demon             Summ           #.........   100%        5
 Summon Mana Viper        Hex/Summ       #.......     100%        5
 Yara's Violent Unravell  Hex/Tmut       #.........   100%        5
 Death Channel            Necr           #.........   100%        6
 Hydra Form               Tmut           #.........   100%        6
 Invisibility             Hex            #.......     100%        6
 Shadow Creatures         Summ           N/A          100%        6
 Statue Form              Tmut/Erth      #........    100%        6
 Dragon Form              Tmut           #.........   100%        7
 Malign Gateway           Summ/Tloc      ####......   100%        7
 Spellforged Servitor     Conj/Summ      ####......   100%        7
 Summon Hydra             Summ           #.........   100%        7
 Ignition                 Fire           #.........   100%        8
 Lehudib's Crystal Spear  Conj/Erth      ####......   100%        8
 Absolute Zero            Ice            ######....   100%        9
 Dragon's Call            Summ           #.........   100%        9
 Fire Storm               Conj/Fire      ####......   100%        9
 Shatter                  Erth           #.........   100%        9


Dungeon Overview and Level Annotations

Branches:
Dungeon (15/15)            Temple (1/1) D:7            Lair (6/6) D:10
  Swamp (4/4) Lair:2       Spider (4/4) Lair:4        Slime (0/5) Lair:6
    Orc (2/2) D:9             Elf (3/3) Orc:2        Vaults (5/5) D:13
  Crypt (3/3) Vaults:3       Tomb (3/3) Crypt:3      Depths (5/5) D:15
   Hell (visited)             Dis (7/7) Hell            Geh (7/7) Hell
    Coc (7/7) Hell            Tar (7/7) Hell            Zot (5/5) Depths:5
 Bailey (visited)         Desolation (visited)      Gauntlet (visited)

Altars:
Ashenzari
Cheibriados
Dithmenos
Elyvilon
Fedhas
Gozag
Hepliaklqana
Kikubaaqudgha
Makhleb
Nemelex Xobeh
Okawaru
Qazlal
Ru
Sif Muna
Trog
Uskayaw
Vehumet
Wu Jian
Xom
Yredelemnul
Zin
The Shining One
Jiyva

Shops:
D:5 ?   D:7 *   Orc:1 *   Orc:2 (:![   Elf:1 ==}   Elf:3 [[((   Vaults:3 **(?*
Vaults:4 [?   Vaults:5 !!   Depths:4 *[!

Portals:
Hell: Depths:1 Depths:2 Depths:3 Depths:4 Depths:5
Abyss: Depths:4
Pandemonium: Depths:3 Depths:5

Annotations:
Swamp:2 1 runed translucent door, Qunur's ghost, adept MfMo; Roxanne
Depths:1 1 runed translucent door, emiel's ghost, legendary BaFi
Coc:7 exclusion: ice statue
Zot:1 exclusion: 4 oklob plants
Pan Mennas


Innate Abilities, Weirdness & Mutations

You have a pair of large antennae on your head. (SInv)
Your flesh is heat resistant. (rF+)
Your demonic aura causes spilled blood to erupt in flames.
You resist negative energy. (rN+)
You are completely covered in sharp spines.
You are somewhat able to resist unholy torments (1 in 2 success).
Your melee attacks may debilitate your foes.
You are immune to clouds of flame.
Your movements are significantly less encumbered by armour. (ER -6)
You have a beak for a mouth.
You have sharp fingernails.
You have large cloven feet.
Scrolls take you a little longer to read.
Armour fits poorly on your strangely shaped body.
Your body sometimes deteriorates upon taking damage.
Your system is resistant to poisons. (rPois)
You occasionally shout uncontrollably at your foes.
You are covered in thick fur. (AC +2)


Message History

The hellephant blinks!
A hellion comes into view.
The hellion gestures at you.
The sphere of damnation explodes!
The damnation engulfs you!!
* * * LOW HITPOINT WARNING * * *
Your body deteriorates!
You feel dopey.
A hellion comes into view.
You shout at the hellion!
The hellion gestures at you.
The sphere of damnation explodes!
The damnation engulfs you!!
* * * LOW HITPOINT WARNING * * *
A ynoxinul comes into view.
Found five items.
Found a gate leading to another region of Pandemonium.
A hellion comes into view.
Okay, then.
You fade into invisibility!
The hellion gestures at you.
The sphere of damnation explodes!
The damnation engulfs you!!
You die...

#..§§≈≈§22.
#..≈≈§§Y222
#.≈≈≈....22
#2≈≈§.2.φ2§
#.§≈≈2..).2
#..b≈322)..
#..≈≈≈≈2..§
#.@≈≈§≈≈.≈
##.≈≈≈≈§§≈
#..≈≈≈≈≈§
##..§≈≈≈≈
#..§≈≈§
######


You could see a hellephant, a reaper, 14 hellions, a ynoxinul and a fire bat.

Vanquished Creatures
  Antaeus (Coc:7)
  Asmodeus (Geh:7)
  Gloorx Vloq (Pan)
  Ereshkigal (Tar:7)
  Mnoleg (Pan)
  Lom Lobon (Pan)
  Dispater (Dis:7)
  16 ancient liches
  5 orbs of fire
  Khufu (Crypt:3)
  Mara (Crypt:2)
  13 greater mummies
  Boris (Crypt:3)
  Sojobo (Depths:1)
  15 shard shrikes
  Frederick (Vaults:2)
  8 Killer Klowns
  A curse toe (Zot:4)
  Xtahua (Crypt:3)
  Geryon (Hell)
  8 caustic shrikes
  10 golden dragons
  19 Brimstone Fiends
  the Enchantress (Depths:1)
  35 Tzitzimimeh
  A profane servitor (Pan)
  20 bone dragons
  Arachne (Spider:2)
  11 doom hounds
  2 electric golems (Zot:5)
  13 Ice Fiends
  17 Hell Sentinels
  3 hellephants
  Jorgrun (Spider:1)
  10 liches
  8 iron giants
  26 tentacled monstrosities
  25 Orb Guardians (Zot:5)
  3 deep elf master archers
  9 quicksilver dragons
  The ghost of Yrishrysi the Brawler, an adept TrMo of Qazlal (Spider:2)
  11 titans
  The ghost of fly the Devastator, an adept TeAE of Vehumet (Vaults:2)
  2 deep elf blademasters (Elf:3)
  9 death cobs
  11 sphinxes
  19 tentacled starspawn
  29 Executioners
  3 acid blobs (Zig:8)
  19 ancient champions
  Kirke (Spider:4)
  7 pandemonium lords
  5 thorn hunters
  An eldritch tentacle (Zot:5)
  Agnes (Elf:1)
  28 shadow dragons
  11 tengu reavers
  11 draconian monks
  5 revenants
  3 nagarajas (Zig:9)
  Donald (Crypt:2)
  16 storm dragons
  10 fire giants
  22 frost giants
  A daeva (Abyss:3)
  8 warmongers (Pan)
  An azure jelly (Zig:8)
  7 draconian knights
  10 draconian scorchers
  4 deep elf sorcerers
  11 iron dragons
  6 orc warlords
  An imperial myrmidon (Desolation)
  Louise (Swamp:3)
  25 balrugs
  22 cacodemons
  A frost giant (shapeshifter) (Zig:5)
  A ghost moth (shapeshifter) (Depths:3)
  13 vault wardens
  Aizul (Spider:2)
  4 curse skulls
  10 ghost moths
  9 draconian shifters
  5 ghouls
  7 emperor scorpions
  3 elemental wellsprings
  10 draconian annihilators
  4 deep elf elementalists (Elf:3)
  84 reapers
  9 draconian stormcallers
  22 ironheart preservers
  An angel (Pan)
  9 war gargoyles
  4 spriggan defenders
  29 very ugly things
  A juggernaut skeleton (Crypt:1)
  7 entropy weavers
  4 deep elf demonologists
  25 stone giants
  11 black suns (Pan)
  2 blood saints (Pan)
  8 bennus
  Nessos (D:13)
  11 vampire knights
  3 corrupters (Pan)
  13 green draconians
  11 lorocyprocas
  14 yellow draconians
  15 black draconians
  8 purple draconians
  15 white draconians
  2 spark wasps
  8 deep elf annihilators
  3 halazid warlocks (Desolation)
  13 red draconians
  7 dire elephants (Abyss:3)
  A minotaur (Gauntlet)
  Azrael (D:13)
  6 eidola
  21 ettins
  11 deep elf death magi
  18 green deaths
  9 jiangshi
  26 blizzard demons
  2 death oozes
  3 crystal guardians
  The ghost of Mupeozuc the Basher, a journeyman TrFi of Gozag (D:11)
  2 ragged hierophants (Desolation)
  7 deep elf high priests
  10 great orbs of eyes
  3 quicksilver dragon zombies
  18 yaktaur captains
  15 fire dragons
  24 mummy priests
  31 vault guards
  8 monstrous demonspawn (Pan)
  5 servants of whispers (Desolation)
  7 peacekeepers (Desolation)
  A quicksilver dragon skeleton (Pan)
  19 hydras
  3 ghost crabs
  21 ice dragons
  17 rakshasas
  8 spriggan air magi
  A hell beast (Swamp:4)
  3 shambling mangroves
  A juggernaut simulacrum (Pan)
  4 satyrs
  32 dancing weapons
  24 centaur warriors
  A merfolk aquamancer (Zig:7)
  10 death knights
  5 death yaks (Lair:5)
  12 alligators
  33 death scarabs
  9 deep troll shamans
  15 ogre magi
  8 orc high priests
  12 vampire magi
  The ghost of Com Nowo the Fighter, a novice BaIE of Hepliaklqana (D:10)
  31 hell hogs
  9 titan zombies
  6 spriggan berserkers
  47 two-headed ogres
  Urug (D:13)
  6 tengu warriors
  11 deep troll earth magi
  17 thrashing horrors
  7 iron golems
  7 naga sharpshooters
  43 sun demons
  2 shock serpents (Zig:9)
  51 soul eaters
  10 wretched stars (Abyss:3)
  5 storm dragon zombies
  179 skeletal warriors
  19 iron trolls
  22 deep elf knights
  39 hell knights
  6 titan skeletons
  24 sixfirhies
  21 shadow wraiths
  2 gelid demonspawn (Pan)
  2 death drakes
  5 storm dragon skeletons
  6 infernal demonspawn (Pan)
  3 spatial maelstroms (Abyss:3)
  3 unseen horrors (D:10)
  38 deep trolls
  18 flayed ghosts
  A quicksilver dragon simulacrum (Tomb:3)
  4 glowing orange brains
  8 torturous demonspawn (Pan)
  21 ironbrand convokers
  A naga ritualist (Zig:9)
  13 wizards
  A spriggan druid (Swamp:3)
  18 swamp dragons
  5 golden dragon zombies
  7 anaconda zombies
  3 ghost moth zombies
  A harpy (shapeshifter) (Abyss:3)
  A glowing orange brain (shapeshifter) (Zig:2)
  34 shadow demons
  A spectral wolf spider (Spider:2)
  29 small abominations
  11 harpies
  26 orb spiders
  21 deep elf archers
  A swamp dragon (shapeshifter) (Abyss:3)
  6 anaconda skeletons
  2 kraken simulacra
  16 necromancers
  21 phantasmal warriors
  3 obsidian statues
  4 golden dragon skeletons
  7 shadow dragon zombies
  3 orange crystal statues
  82 deep elf magi
  A mana viper (shapeshifter) (Depths:4)
  A cyclops (shapeshifter) (Vaults:5)
  7 shining eyes
  7 wolf spider zombies
  An orb spider (shapeshifter) (Elf:1)
  33 wolf spiders
  A wolf spider (shapeshifter) (Elf:1)
  21 orc knights
  A shining eye (shapeshifter) (Vaults:1)
  The ghost of Migumi the Grasshopper, a novice GnWn (D:6)
  A manticore (D:14)
  4 worldbinders
  44 ugly things
  5 iron dragon zombies
  A salamander (Abyss:3)
  3 fauns
  10 orc sorcerers
  7 frost giant zombies
  11 fire giant zombies
  12 oklob plants
  7 stone giant zombies
  6 cyclopes
  10 fire giant skeletons
  53 large abominations
  4 shadow dragon skeletons
  7 iron dragon skeletons
  5 frost giant skeletons
  26 moths of wrath
  4 shock serpent zombies
  11 elephants
  4 black mambas
  10 dire elephant zombies
  Maurice (Orc:2)
  7 guardian serpents
  7 stone giant skeletons
  4 storm dragon simulacra (Coc:7)
  2 naga magi (Zig:7)
  12 vault sentinels
  31 rust devils
  23 orange demons
  16 cane toads
  8 gargoyles
  4 ice statues
  2 cane toads (shapeshifter)
  5 dire elephant skeletons
  57 smoke demons
  4 titan simulacra
  8 apocalypse crabs (Abyss:3)
  A spectral redback (Spider:2)
  7 molten gargoyles (Geh:7)
  3 kobold demonologists
  An eye of devastation (shapeshifter) (Elf:2)
  3 catoblepas zombies
  7 emperor scorpion zombies
  A rime drake (shapeshifter) (Vaults:1)
  5 rime drakes
  22 demonic crawlers
  2 minotaur zombies (Gauntlet)
  6 anaconda simulacra (Coc:7)
  7 komodo dragons
  60 yaktaurs
  39 hellions
  A sea snake zombie (Crypt:1)
  14 efreet
  4 torpor snails (Zig:12)
  48 tormentors
  36 freezing wraiths
  37 guardian mummies
  A yaktaur (shapeshifter) (Abyss:3)
  A yaktaur skeleton (Depths:1)
  5 silent spectres
  18 hydra zombies
  A troll (shapeshifter) (Depths:3)
  32 hellwings (Pan)
  19 ancient zymes
  A ghost moth simulacrum (Spider:2)
  45 ice devils
  A meliai (shapeshifter) (Vaults:1)
  45 red devils
  5 tengu conjurers
  A redback zombie (Crypt:1)
  2 catoblepas skeletons
  A queen bee (Depths:2)
  A shadow dragon simulacrum (Coc:6)
  9 trolls
  2 wolf spider simulacra (Spider:2)
  2 harpy zombies
  39 jumping spiders
  14 hornets
  A moth of wrath zombie (Crypt:2)
  4 tyrant leeches
  A polar bear (Lair:5)
  A spectral tarantella (Spider:2)
  2 harpy skeletons
  12 hydra skeletons
  34 saltlings (Desolation)
  14 wind drakes (Pan)
  18 bog bodies
  44 raiju
  2 wind drakes (shapeshifter)
  5 alligator zombies
  14 blink frogs
  An iron dragon simulacrum (Coc:7)
  4 fire dragon zombies
  23 slime creatures
  11 ettin zombies
  A raiju (shapeshifter) (Elf:1)
  A dream sheep (shapeshifter) (Zig:2)
  A hippogriff (shapeshifter) (Abyss:3)
  10 hippogriffs
  3 spriggan zombies
  A centaur simulacrum (D:11)
  118 flying skulls
  A fire giant simulacrum (Tar:7)
  51 starcursed masses (Abyss:3)
  40 ynoxinuls
  76 redbacks
  30 tarantellas
  6 ice dragon skeletons
  3 black mamba zombies
  2 redbacks (shapeshifter)
  38 shadows
  4 fire dragon skeletons
  8 air elementals
  8 ice dragon zombies
  7 spriggans
  17 water elementals
  3 alligator skeletons
  A spriggan (shapeshifter) (Vaults:4)
  5 ettin skeletons
  A black mamba skeleton (Crypt:1)
  4 hogs (Spider:4)
  42 yaks
  A yak (shapeshifter) (Vaults:1)
  10 ushabtiu
  6 vampires
  4 basilisks
  A fire bat (Geh:2)
  A hog (shapeshifter) (Vaults:5)
  7 vampire mosquitoes
  7 wyverns
  A golden eye (shapeshifter) (Vaults:4)
  36 wraiths
  2 humans (shapeshifter)
  A steam dragon (Lair:6)
  18 fire elementals
  16 golden eyes
  2 merfolk zombies
  28 chaos spawn
  33 neqoxecs
  14 insubstantial wisps
  2 nagas (Zig:9)
  A two-headed ogre zombie (Crypt:2)
  14 wargs
  An emperor scorpion simulacrum (Spider:2)
  17 swamp worms
  A water nymph zombie (Crypt:2)
  2 soldier ants
  3 acid dragons
  A monstrous demonspawn zombie (Dis:7)
  A soldier ant (shapeshifter) (Abyss:3)
  6 spatial vortices (Abyss:3)
  82 hell hounds
  10 hydra simulacra
  A merfolk skeleton (Geh:7)
  11 water moccasins
  A floating eye (Pan)
  50 orc warriors
  2 swamp dragon zombies
  11 porcupines
  A jumping spider simulacrum (Spider:2)
  5 sky beasts
  5 cane toad skeletons
  9 ice beasts
  4 black bears
  5 cane toad zombies
  7 phantoms
  11 swamp drakes
  5 human zombies
  A manticore zombie (Dis:7)
  7 eyes of draining
  6 wolves
  9 boggarts
  5 snapping turtle skeletons
  An ettin simulacrum (Vaults:1)
  39 ogres
  5 snapping turtle zombies
  A boggart (shapeshifter) (Vaults:2)
  42 centaurs
  24 necrophages
  3 manticore skeletons
  3 swamp dragon skeletons
  2 elf skeletons
  15 crocodiles
  6 big kobolds
  5 gnoll sergeants (Bailey)
  An elf zombie (Tar:7)
  17 bullfrogs
  A wyvern zombie (D:14)
  A water moccasin zombie (D:7)
  8 earth elementals
  A deep troll simulacrum (Vaults:3)
  2 spectral wargs (Depths:4)
  A warg zombie (Crypt:1)
  2 cane toad simulacra (Hell)
  2 wyvern skeletons
  A hornet simulacrum (Spider:2)
  9 scorpions
  A troll zombie (Geh:1)
  65 wights
  24 killer bees
  7 howler monkeys
  A troll skeleton (Tar:7)
  5 electric eels
  12 crimson imps
  7 centaur zombies
  2 bullfrog zombies
  2 human simulacra (Vaults:1)
  8 jellies
  9 hounds
  35 iron imps
  10 quasits
  Crazy Yiuf (D:2)
  29 orc priests
  37 orc wizards
  6 gnoll shamans
  4 centaur skeletons
  6 iguanas
  6 hell rats (Hell)
  A worker ant (shapeshifter) (Depths:2)
  13 worker ants
  A killer bee zombie (D:6)
  An acid dragon zombie (Crypt:2)
  A crocodile zombie (Crypt:1)
  A naga zombie (Tar:1)
  A tengu zombie (Crypt:3)
  2 ogre zombies
  A big kobold skeleton (Crypt:2)
  An ogre skeleton (Crypt:3)
  2 tengu skeletons
  2 hound zombies (D:10)
  3 hound skeletons
  36 mummies
  A howler monkey zombie (D:5)
  8 adders
  15 gnolls
  2 howler monkey skeletons
  19 shadow imps
  19 white imps
  2 ufetubi
  An ooze (D:7)
  An adder zombie (D:9)
  An adder skeleton (Crypt:1)
  3 worms (D:3)
  3 dart slugs
  9 leopard geckos
  104 orcs
  A ball python (D:1)
  10 giant cockroaches
  11 goblins
  6 hobgoblins
  15 jackals
  39 kobolds
  9 quokkas
  8 bats
  7 frilled lizards
  A gnoll skeleton (Crypt:2)
  2 jackal skeletons
  A jackal zombie (D:7)
  A kobold simulacrum (Abyss:3)
  A kobold skeleton (Geh:7)
  An orc zombie (Crypt:2)
  2 quokka skeletons
  13 rats
  8 briar patches
  A bush (Zot:1)
  11 crawling corpses
  2 lurking horrors (Abyss:3)
  3 pillars of salt (Vaults:2)
  29 starspawn tentacles
  A tentacle (Coc:6)
5610 creatures vanquished.

Vanquished Creatures (collateral kills)
  An orc warrior (Orc:1)
  2 gnoll sergeants (Bailey)
  A hound (Bailey)
  A gnoll shaman (Bailey)
  8 gnolls (Bailey)
  3 orcs (Orc:1)
16 creatures vanquished.

Vanquished Creatures (others)
  A lich (Pan)
  An eldritch tentacle (Pan)
  A tengu reaver (Depths:1)
  A daeva (Pan)
  A draconian scorcher (Zig:10)
  A draconian knight (Zot:3)
  A reaper (Zig:9)
  An elemental wellspring (Coc:7)
  2 blizzard demons (Pan)
  A ragged hierophant (Desolation)
  A shambling mangrove (Zig:13)
  A two-headed ogre (D:14)
  A hell hog (Geh:4)
  2 shadow wraiths (Vaults:4)
  A glowing orange brain (Pan)
  A skeletal warrior (Coc:7)
  A starcursed mass (Abyss:3)
  A deep elf archer (Vaults:5)
  3 wizards
  2 orc knights
  An ironbrand convoker (Vaults:5)
  A large abomination (Abyss:3)
  A deep elf mage (Elf:1)
  A shining eye (Pan)
  A tormentor (Pan)
  A yaktaur (Vaults:5)
  A rime drake (Lair:6)
  A hellwing (Pan)
  A jumping spider (Spider:3)
  2 wind drakes (Pan)
  A tyrant leech (Zig:13)
  A spectral tarantella (Spider:2)
  A hornet (Zig:13)
  A vampire (Depths:4)
  4 orc warriors
  A wraith (Abyss:3)
  A fire elemental (Geh:4)
  2 golden eyes (Abyss:3)
  A boggart (Depths:4)
  A gnoll sergeant (Bailey)
  A small abomination (Abyss:3)
  An orc priest (Orc:2)
  An orc (Orc:1)
  2 briar patches (Swamp:3)
  4 demonic plants (Gauntlet)
  17 fungi
  A lurking horror (Abyss:3)
  A pillar of salt (Vaults:2)
  116 plants
  24 starspawn tentacles
  4 tentacles (Coc:6)
  32 withered plants
254 creatures vanquished.

Grand Total: 5880 creatures vanquished

Notes
Turn   | Place    | Note
-------+----------+-------------------------------------------
     0 | D:1      | Ijustatesigmund the Demonspawn Fighter began the quest for
                  | the Orb.
     0 | D:1      | Reached XP level 1. HP: 18/18 MP: 1/1
   257 | D:1      | Gained mutation: Your movements are slightly less
                  | encumbered by armour. (ER -2) [demonic ancestry]
   257 | D:1      | Reached XP level 2. HP: 24/24 MP: 2/2
   740 | D:1      | Reached skill level 1 in Dodging
   740 | D:1      | Reached XP level 3. HP: 29/29 MP: 3/3
  1626 | D:2      | Found a runed translucent door.
  1627 | D:2      | Noticed Crazy Yiuf
  2167 | D:3      | Found a faded altar of an unknown god.
  2175 | D:3      | Gained mutation: Your movements are less encumbered by
                  | armour. (ER -4) [demonic ancestry]
  2175 | D:3      | Reached XP level 4. HP: 35/35 MP: 4/4
  2349 | D:3      | Reached XP level 5. HP: 34/42 MP: 5/5
  3292 | D:3      | Gained mutation: You are partially covered in sharp spines.
                  | [demonic ancestry]
  3292 | D:3      | Reached XP level 6. HP: 48/48 MP: 6/6
  3443 | D:2      | Killed Crazy Yiuf
  3786 | D:4      | Found a sacrificial altar of Ru.
  4888 | D:5      | Entered Level 5 of the Dungeon
  5002 | D:5      | Got a transparent ring mail
  5008 | D:5      | Identified the +5 ring mail "Pachast" {Dex+2} (You found it
                  | on level 5 of the Dungeon)
  5058 | D:5      | Found Vumaimn's Magic Scroll Emporium.
  5062 | D:5      | Bought a scroll of identify for 22 gold pieces
  5062 | D:5      | Bought a scroll of enchant armour for 82 gold pieces
  5062 | D:5      | Bought a scroll of teleportation for 33 gold pieces
  5062 | D:5      | Bought a scroll of identify for 22 gold pieces
  5062 | D:5      | Bought a scroll of magic mapping for 38 gold pieces
  5200 | D:5      | Gained mutation: Your flesh is heat resistant. (rF+)
                  | [demonic ancestry]
  5200 | D:5      | Reached XP level 7. HP: 44/55 MP: 7/7
  6046 | D:5      | Reached skill level 5 in Axes
  6183 | D:6      | Reached skill level 5 in Fighting
  6498 | D:6      | Reached XP level 8. HP: 62/62 MP: 8/8
  6722 | D:6      | Found a transporter.
  6722 | D:6      | Noticed Migumi's ghost (novice GnWn)
  6725 | D:6      | Found a transporter.
  6949 | D:6      | Found an iron altar of Okawaru.
  7114 | D:7      | Found Kecaefuk's General Store.
  7386 | D:7      | Noticed a hippogriff
  7403 | D:7      | Killed a hippogriff
  7412 | D:7      | Gained mutation: You have a pair of small antennae on your
                  | head. [demonic ancestry]
  7412 | D:7      | Reached XP level 9. HP: 69/69 MP: 9/9
  7436 | D:7      | Found a sacrificial altar of Ru.
  7451 | D:7      | Found a staircase to the Ecumenical Temple.
  7488 | Temple   | Entered the Ecumenical Temple
  7844 | D:6      | Became a worshipper of Warmaster Okawaru
  7947 | D:7      | Reached skill level 1 in Invocations
  8049 | D:7      | Reached skill level 5 in Armour
  8049 | D:7      | Reached skill level 5 in Shields
  8378 | D:8      | Reached skill level 5 in Dodging
  8541 | D:8      | Found a flagged portal.
  8561 | Bailey   | Entered a bailey
  8570 | Bailey   | Reached * piety under Okawaru
  9173 | Bailey   | Reached ** piety under Okawaru
  9640 | D:8      | Gained mutation: You are mostly covered in sharp spines.
                  | [demonic ancestry]
  9640 | D:8      | Reached XP level 10. HP: 77/79 MP: 13/13
 10432 | D:9      | Noticed a two-headed ogre
 10449 | D:9      | Killed a two-headed ogre
 10449 | D:9      | Reached *** piety under Okawaru
 10449 | D:9      | Reached skill level 5 in Invocations
 10898 | D:9      | Noticed a guardian serpent
 10906 | D:9      | Killed a guardian serpent
 10972 | D:9      | Found a staircase to the Orcish Mines.
 11415 | D:9      | Noticed a two-headed ogre
 11415 | D:9      | Noticed a centaur warrior
 11442 | D:9      | Killed a two-headed ogre
 11454 | D:9      | Killed a centaur warrior
 11454 | D:9      | Reached **** piety under Okawaru
 12062 | D:9      | Reached XP level 11. HP: 54/86 MP: 15/15
 12464 | D:10     | Entered Level 10 of the Dungeon
 12514 | D:10     | Noticed an oklob plant
 12520 | D:10     | Found a staircase to the Lair.
 12588 | D:10     | Noticed a two-headed ogre
 12596 | D:10     | Killed an unseen horror
 12609 | D:10     | Killed a two-headed ogre
 12699 | D:10     | Found a transporter.
 12700 | D:10     | Noticed Com Nowo's ghost (novice BaIE)
 12775 | D:10     | Found a transporter.
 12801 | D:10     | Killed an unseen horror
 12851 | D:10     | Reached ***** piety under Okawaru
 12971 | D:10     | Killed an unseen horror
 13572 | D:10     | Killed an oklob plant
 14445 | D:11     | Paralysed by a hornet for 1 turns
 14450 | D:11     | Reached skill level 10 in Invocations
 14795 | D:11     | Found a transporter.
 14797 | D:11     | Found a bloodstained altar of Trog.
 14799 | D:11     | Noticed Mupeozuc's ghost (journeyman TrFi)
 14801 | D:11     | Identified the +3 flail of Drought {freeze, rF+ rC++ Str-3
                  | Dex+2}
 14801 | D:11     | Noticed a tengu warrior
 14804 | D:11     | Found a transporter.
 14818 | D:11     | Noticed a two-headed ogre
 14855 | D:11     | Noticed a brown ugly thing
 15111 | D:11     | Received a gift from Okawaru
 15245 | D:11     | Noticed a fire dragon
 15262 | D:11     | Killed a fire dragon
 15550 | D:11     | Identified the amulet "Zougur" {rC++ MR+++ Regen+ Dex-3
                  | Stlth-}
 15629 | D:11     | Noticed a deep troll
 15630 | D:11     | Noticed a sphinx
 15633 | D:11     | Paralysed by a sphinx for 5 turns
 16104 | D:6      | Killed Migumi's ghost
 16310 | D:10     | Killed Com Nowo's ghost
 16310 | D:10     | Reached XP level 12. HP: 85/94 MP: 15/21
 16314 | D:10     | Got the ring "Wuunud" {Dex+6}
 16376 | Lair:1   | Entered Level 1 of the Lair of Beasts
 16412 | Lair:1   | Identified the ring "Wuunud" {MR+ Str+9 Dex+6} (You found
                  | it on level 10 of the Dungeon)
 16634 | Lair:1   | Found a gate leading to a gauntlet.
 16656 | Gauntlet | Entered a Gauntlet
 16656 | Gauntlet | Found a transporter.
 16656 | Gauntlet | Found a transporter.
 16660 | Gauntlet | Found a transporter.
 16663 | Gauntlet | Found a transporter.
 16663 | Gauntlet | Found a transporter.
 16698 | Gauntlet | Found a transporter.
 16702 | Gauntlet | Found a transporter.
 16702 | Gauntlet | Found a transporter.
 16704 | Gauntlet | Noticed an entropy weaver
 16713 | Gauntlet | Found a transporter.
 16729 | Gauntlet | Found a transporter.
 16739 | Gauntlet | Found a transporter.
 16742 | Gauntlet | Noticed a catoblepas
 16759 | Gauntlet | Found a transporter.
 16779 | Gauntlet | Noticed a tengu warrior
 16780 | Gauntlet | Found a transporter.
 16792 | Gauntlet | Found a transporter.
 16835 | Gauntlet | Killed a tengu warrior
 17059 | Gauntlet | Identified the amulet "Heih" {Spirit *Corrode rPois Str+7}
 17059 | Gauntlet | Noticed a minotaur
 17082 | Gauntlet | Killed a minotaur
 17643 | D:7      | Bought a scroll of acquirement for 780 gold pieces
 17643 | D:7      | Acquired a +4 ring of evasion
 18203 | Lair:1   | Noticed a six-headed hydra
 18211 | Lair:1   | Killed a one-headed hydra
 18487 | Lair:2   | Received a gift from Okawaru
 18490 | Lair:2   | Got a fine ring mail {god gift}
 18501 | Lair:2   | Identified the +0 ring mail of Parlour Games {rElec rC+
                  | Stlth+} (Okawaru gifted it to you on level 2 of the Lair of
                  | Beasts)
 18642 | Lair:2   | Acquired the +1 hat "Merit" {rC+ Str+3}
 18819 | Lair:2   | Reached skill level 15 in Invocations
 18830 | Lair:2   | Found a staircase to the Swamp.
 18848 | Lair:2   | Reached skill level 10 in Fighting
 19137 | Lair:2   | Gained mutation: You have a pair of antennae on your head.
                  | [demonic ancestry]
 19137 | Lair:2   | Reached XP level 13. HP: 103/103 MP: 24/24
 20261 | Lair:4   | Found a hide-covered altar of Uskayaw.
 20448 | Lair:4   | Reached ****** piety under Okawaru
 20691 | Lair:4   | Reached skill level 10 in Axes
 20851 | Lair:4   | Found a hole to the Spider Nest.
 20861 | Lair:4   | Received a gift from Okawaru
 20869 | Lair:4   | Got a translucent plate armour {god gift}
 21282 | Lair:4   | Identified the +1 plate armour of Fumeh {*Contam rC+ MR+
                  | SInv} (Okawaru gifted it to you on level 4 of the Lair of
                  | Beasts)
 22792 | Lair:6   | Entered Level 6 of the Lair of Beasts
 22819 | Lair:6   | Received a gift from Okawaru
 22824 | Lair:6   | Reached XP level 14. HP: 85/113 MP: 26/26
 23080 | Lair:6   | Found a staircase to the Slime Pits.
 23080 | Lair:6   | Found a viscous altar of Jiyva.
 23317 | Lair:6   | Received a gift from Okawaru
 24464 | Orc:1    | Entered Level 1 of the Orcish Mines
 25474 | Orc:1    | Found Voefabrur's General Store.
 25534 | Orc:1    | Noticed an orc warlord
 25550 | Orc:1    | Killed an orc warlord
 25606 | Orc:1    | Bought a scroll of teleportation for 48 gold pieces
 26018 | Orc:1    | Found a bloodstained altar of Trog.
 26103 | Orc:2    | Entered Level 2 of the Orcish Mines
 26148 | Orc:2    | Noticed Maurice
 26164 | Orc:2    | Killed Maurice
 26249 | Orc:2    | Found a staircase to the Elven Halls.
 26442 | Orc:2    | Found Tupuiluepn's Armour Shoppe.
 26894 | Orc:2    | Upgraded the game from 0.26-a0-648-g87339cca5e to
                  | 0.26-a0-651-gb41185065b
 27118 | Orc:2    | Found Uppyreo's Weapon Shoppe.
 27119 | Orc:2    | Found Pimattoitz's Distillery.
 27119 | Orc:2    | Found Orhaawn's Book Boutique.
 27149 | Orc:2    | Bought a potion of experience for 500 gold pieces
 27149 | Orc:2    | Bought a potion of mutation for 80 gold pieces
 27149 | Orc:2    | Bought 2 potions of heal wounds for 100 gold pieces
 27149 | Orc:2    | Bought a potion of berserk rage for 50 gold pieces
 27149 | Orc:2    | Reached skill level 10 in Armour
 27149 | Orc:2    | Gained mutation: Your movements are significantly less
                  | encumbered by armour. (ER -6) [demonic ancestry]
 27149 | Orc:2    | Reached XP level 15. HP: 120/120 MP: 26/28
 27529 | D:11     | Killed a sphinx
 27805 | D:11     | Killed Mupeozuc's ghost
 27962 | D:12     | Received a gift from Okawaru
 28142 | D:12     | Gained mutation: You have a pair of large antennae on your
                  | head. (SInv) [demonic ancestry]
 28142 | D:12     | Reached XP level 16. HP: 127/127 MP: 29/29
 28932 | D:13     | Found a gate to the Vaults.
 28992 | D:13     | Noticed Azrael
 29005 | D:13     | Killed Azrael
 29005 | D:13     | Reached skill level 10 in Shields
 29112 | D:13     | Noticed Urug
 29127 | D:13     | Killed Urug
 29544 | D:13     | Received a gift from Okawaru
 29672 | D:13     | Noticed Nessos
 29692 | D:13     | Killed Nessos
 30838 | D:15     | Entered Level 15 of the Dungeon
 31002 | D:15     | Received a gift from Okawaru
 31344 | D:15     | Found a staircase to the Depths.
 31676 | Depths:1 | Entered Level 1 of the Depths
 31977 | Depths:1 | Noticed a tengu reaver
 31977 | Depths:1 | Noticed Sojobo
 31978 | Depths:1 | Noticed a tengu reaver
 31987 | Depths:1 | Killed a tengu reaver
 32002 | Depths:1 | HP: 4/129 [Sojobo/the air (12)]
 32396 | Swamp:1  | Entered Level 1 of the Swamp
 33032 | Swamp:1  | Got a twitching marble ring
 33086 | Swamp:1  | Identified the ring "Malewkue" {rF+ rC+ SInv} (You found it
                  | on level 1 of the Swamp)
 33174 | Swamp:2  | Received a gift from Okawaru
 33196 | Swamp:2  | Identified the +4 scale mail "Detufe Ariec" {MR+ MP+9
                  | Str+3} (Okawaru gifted it to you on level 2 of the Swamp)
 33316 | Swamp:2  | Learned a level 1 spell: Apportation
 33538 | Swamp:2  | Found a runed translucent door.
 33541 | Swamp:2  | Noticed Qunur's ghost (adept MfMo)
 33543 | Swamp:2  | Identified the +7 spear "Ecaplis" {freeze, Int+3}
 33632 | Swamp:2  | Noticed Roxanne
 33812 | Swamp:2  | Noticed a thorn hunter
 33827 | Swamp:2  | Killed a thorn hunter
 34174 | Swamp:3  | Gained mutation: You are immune to clouds of flame.
                  | [demonic ancestry]
 34174 | Swamp:3  | Reached XP level 17. HP: 126/135 MP: 30/30
 34519 | Swamp:3  | Noticed Louise
 34539 | Swamp:3  | Killed Louise
 35378 | Swamp:4  | Entered Level 4 of the Swamp
 36399 | Swamp:4  | Received a gift from Okawaru
 36749 | Swamp:4  | Reached skill level 1 in Translocations
 37124 | Swamp:4  | Got a decaying rune of Zot
 37328 | Spider:1 | Entered Level 1 of the Spider Nest
 37334 | Spider:1 | Noticed Jorgrun
 37345 | Spider:1 | Killed Jorgrun
 37432 | Spider:1 | Reached skill level 5 in Translocations
 37442 | Spider:1 | Received a gift from Okawaru
 37686 | Spider:1 | Reached skill level 1 in Throwing
 38787 | Spider:2 | Received a gift from Okawaru
 38876 | Spider:2 | Reached XP level 18. HP: 131/143 MP: 32/32
 38881 | Spider:2 | Noticed Arachne
 38890 | Spider:2 | Killed Arachne
 39187 | Spider:2 | Noticed Aizul
 39213 | Spider:2 | Killed Aizul
 39623 | Spider:2 | Found a runed translucent gate.
 39623 | Spider:2 | Found a runed translucent gate.
 39623 | Spider:2 | Found a runed translucent gate.
 39632 | Spider:2 | Noticed Yrishrysi's ghost (adept TrMo)
 39671 | Spider:2 | Killed Yrishrysi's ghost
 39683 | Spider:2 | Reached skill level 5 in Throwing
 39711 | Spider:2 | Identified a +1 pair of boots of running (You found it on
                  | level 2 of the Spider Nest)
 40556 | Spider:3 | Received a gift from Okawaru
 40689 | Spider:3 | Reached skill level 1 in Stealth
 41386 | Spider:4 | Entered Level 4 of the Spider Nest
 41539 | Spider:4 | Received a gift from Okawaru
 41942 | Spider:4 | Received a gift from Okawaru
 42032 | Spider:4 | Noticed Kirke
 42055 | Spider:4 | Killed Kirke
 42691 | Spider:4 | Reached skill level 5 in Stealth
 43377 | Spider:4 | Received a gift from Okawaru
 43465 | Spider:4 | Got a gossamer rune of Zot
 43959 | Vaults:1 | Entered Level 1 of the Vaults
 43968 | Vaults:1 | Learned a level 2 spell: Blink
 43972 | Vaults:1 | Learned a level 3 spell: Lesser Beckoning
 44063 | Vaults:1 | Received a gift from Okawaru
 44159 | Vaults:1 | Gained mutation: You resist negative energy. (rN+) [demonic
                  | ancestry]
 44159 | Vaults:1 | Reached XP level 19. HP: 113/153 MP: 33/33
 44917 | Vaults:1 | Reached skill level 15 in Fighting
 45000 | Vaults:1 | Received a gift from Okawaru
 45483 | Vaults:2 | Received a gift from Okawaru
 45501 | Vaults:2 | Identified the +1 scale mail of the Kettle-Drum {rPois
                  | rF+++ rC- Dex+2} (Okawaru gifted it to you on level 2 of
                  | the Vaults)
 45608 | Vaults:2 | Found a flickering gateway to a bazaar.
 45621 | Bazaar   | Entered a bazaar
 45621 | Bazaar   | Found Baaquyk's Antique Weapon Boutique.
 45621 | Bazaar   | Found Worapa's Antique Armour Emporium.
 45621 | Bazaar   | Found Soeroh's Armour Emporium.
 45622 | Bazaar   | Found Lihery's Assorted Antiques.
 45622 | Bazaar   | Found Ijityag's Assorted Antiques.
 45735 | Bazaar   | Bought an ancient executioner's axe for 405 gold pieces
 45735 | Bazaar   | Identified the +8 executioner's axe of Disgust {drain,
                  | *Rage rN++ MR+} (You bought it in a shop in a bazaar)
 45740 | Bazaar   | Bought a +2 tower shield of poison resistance for 203 gold
                  | pieces
 45769 | Vaults:2 | Noticed fly's ghost (adept TeAE)
 45773 | Vaults:2 | Found a runed translucent gate.
 45773 | Vaults:2 | Found a runed translucent gate.
 45773 | Vaults:2 | Found a runed translucent gate.
 45820 | Vaults:2 | Found a ruined gateway.
 45825 | Vaults:2 | Noticed Frederick
 45830 | Desolati | Entered the Desolation of Salt
 45884 | Desolati | Got a wavering granite ring
 45886 | Desolati | Identified the ring "Suetseli" {rN+ Str+7} (You found it in
                  | the Desolation of Salt)
 45889 | Desolati | Identified the Almanac of Feathers and Changing
 45958 | Desolati | Identified the Compendium of Ashen Companions
 46051 | Desolati | Got a pair of distressingly furry gloves
 46061 | Desolati | Identified the +3 pair of gloves of Sorcery {rPois} (You
                  | found it in the Desolation of Salt)
 46067 | Desolati | Got a slimy lapis lazuli ring
 46069 | Desolati | Identified the ring of Cibokheo {*Corrode rC+ EV+4 Str+4
                  | Dex+4} (You found it in the Desolation of Salt)
 46072 | Desolati | Identified Mukhluapp's Tome of Ice and Clay
 46353 | Desolati | Got a smoking brass ring
 46355 | Desolati | Identified the ring "Nycup" {rC++ Dex+6} (You found it in
                  | the Desolation of Salt)
 46394 | Desolati | Identified Sif Muna's Reference Book on Cold and Execration
 46911 | Vaults:2 | Killed Frederick
 46911 | Vaults:2 | Received a gift from Okawaru
 47130 | Vaults:2 | Gained mutation: You are somewhat able to resist unholy
                  | torments (1 in 2 success). [demonic ancestry]
 47130 | Vaults:2 | Reached XP level 20. HP: 153/164 MP: 34/34
 47483 | Vaults:2 | Received a gift from Okawaru
 47893 | Vaults:2 | Killed fly's ghost
 48274 | Vaults:2 | Reached skill level 15 in Axes
 48274 | Vaults:2 | Reached skill level 10 in Dodging
 48417 | Vaults:3 | Found Reteoriysch's Magic Scroll Shoppe.
 48455 | Vaults:3 | Bought a scroll of acquirement for 936 gold pieces
 48455 | Vaults:3 | Acquired the +9 broad axe of Indignation {antimagic, *Noise
                  | +Rage Dex+4}
 48610 | Vaults:3 | Found Peroifol's General Store.
 48639 | Vaults:3 | Reached skill level 1 in Evocations
 48885 | Vaults:3 | Found Imudukhi's Assorted Antiques.
 48893 | Vaults:3 | Bought a thick garnet amulet for 130 gold pieces
 48893 | Vaults:3 | Bought a scroll of teleportation for 78 gold pieces
 48893 | Vaults:3 | Bought a scroll labeled PYONUN ATULIG for 26 gold pieces
 49027 | Vaults:3 | Found Doqysch's Weapon Boutique.
 49047 | Vaults:3 | Found Iffaedo's Assorted Antiques.
 49382 | Vaults:3 | Found a staircase to the Crypt.
 49776 | Vaults:4 | Received a gift from Okawaru
 50175 | Vaults:4 | Received a gift from Okawaru
 50178 | Vaults:4 | Identified the +1 broad axe of Conflict {freeze, rElec
                  | Str+3} (Okawaru gifted it to you on level 4 of the Vaults)
 50436 | Vaults:4 | Reached skill level 5 in Evocations
 50668 | Vaults:4 | Gained mutation: You are weak. (Str -2) [mutagenic glow]
 50788 | Vaults:4 | Found Ufechius's Antique Armour Shop.
 50807 | Vaults:4 | Gained mutation: Your melee attacks may debilitate your
                  | foes. [demonic ancestry]
 50807 | Vaults:4 | Reached XP level 21. HP: 155/172 MP: 36/36
 50903 | Vaults:4 | Received a gift from Okawaru
 51078 | Vaults:4 | Found Wacraug's Magic Scroll Shoppe.
 52236 | Elf:1    | Entered Level 1 of the Elven Halls
 52259 | Elf:1    | Noticed Agnes
 52271 | Elf:1    | Killed Agnes
 52334 | Elf:1    | Lost mutation: You are weak. (Str -2) [potion of mutation]
 52334 | Elf:1    | Gained mutation: Your system is resistant to poisons.
                  | (rPois) [potion of mutation]
 52334 | Elf:1    | Gained mutation: You expend magic power (3 MP) to
                  | strengthen your wands. [potion of mutation]
 52334 | Elf:1    | Gained mutation: Your mind is acute. (Int +2) [potion of
                  | mutation]
 52482 | Elf:1    | Found Puta's Gadget Shop.
 52482 | Elf:1    | Found Huifuagi's Jewellery Shoppe.
 52484 | Elf:1    | Found Podudghocs's Jewellery Shoppe.
 53168 | Elf:1    | Identified the cursed +1 falchion "Ehoul" {vorpal, *Rage
                  | rC+++ MR+}
 53362 | Elf:2    | Received a gift from Okawaru
 53542 | Elf:2    | Found a huge runed translucent gate.
 53542 | Elf:2    | Found a huge runed translucent gate.
 53543 | Elf:2    | Found a huge runed translucent gate.
 53641 | Elf:2    | Received a gift from Okawaru
 53666 | Elf:2    | Identified a +2 pair of boots of running (Okawaru gifted it
                  | to you on level 2 of the Elven Halls)
 53866 | Elf:2    | Found a huge runed translucent gate.
 53866 | Elf:2    | Found a huge runed translucent gate.
 54224 | Elf:3    | Entered Level 3 of the Elven Halls
 54226 | Elf:3    | Found Zanypn's Weapon Shoppe.
 54552 | Elf:3    | Found Vann's Armour Boutique.
 54616 | Elf:3    | Found Woenik's Antique Armour Shop.
 54918 | Elf:3    | Identified the ring "Bubboc" {rPois Int+6 Stlth+}
 54923 | Elf:3    | Identified the +0 robe of the Inquisitive Cities {rF+ rC-
                  | Dex+4 SInv}
 54937 | Elf:3    | Gained mutation: You are completely covered in sharp
                  | spines. [demonic ancestry]
 54937 | Elf:3    | Reached XP level 22. HP: 153/182 MP: 9/37
 55162 | Elf:3    | Identified the +2 chain mail of Huto {rElec Int+4 SInv}
 55275 | Elf:3    | Identified Egasoppa's Compendium of Moulding and Ice
 55458 | Elf:3    | Found Imair's Weapon Emporium.
 56059 | Depths:1 | Killed Sojobo
 56254 | Depths:1 | Found a gateway to Hell.
 56298 | Depths:1 | Received a gift from Okawaru
 56383 | Depths:1 | Found a runed translucent door.
 56384 | Depths:1 | Noticed emiel's ghost (legendary BaFi)
 56405 | Depths:1 | Noticed the Enchantress
 56665 | Depths:1 | Killed the Enchantress
 56990 | Depths:2 | Received a gift from Okawaru
 57022 | Depths:2 | Got a twisted scale mail {god gift}
 57041 | Depths:2 | Identified the +1 scale mail of Okawaru's Favour {rPois MR+
                  | Str-2} (Okawaru gifted it to you on level 2 of the Depths)
 57383 | Depths:2 | Noticed a golden dragon
 57399 | Depths:2 | Reached skill level 10 in Translocations
 57411 | Depths:2 | Killed a golden dragon
 57936 | Vaults:4 | Bought the +3 pair of gauntlets of War {Slay+5} for 1757
                  | gold pieces
 57936 | Vaults:4 | Found the +3 pair of gauntlets of War {Slay+5}
 57977 | Vaults:5 | Entered Level 5 of the Vaults
 57990 | Vaults:5 | Reached XP level 23. HP: 149/190 MP: 34/39
 57999 | Vaults:4 | Received a gift from Okawaru
 58020 | Vaults:4 | Identified the +2 broad axe of Konastrea {vorpal, rElec rF+
                  | Dex+2} (Okawaru gifted it to you on level 4 of the Vaults)
 58676 | Vaults:5 | Noticed an ancient lich
 58724 | Vaults:4 | Received a gift from Okawaru
 58768 | Vaults:5 | Identified the cursed +1 scimitar "Gibaogeu" {holy, rF-
                  | Str+2 Stlth+}
 58776 | Vaults:5 | Killed an ancient lich
 58776 | Vaults:5 | Received a gift from Okawaru
 59140 | Vaults:4 | Received a gift from Okawaru
 59569 | Vaults:5 | Gained mutation: Your demonic aura causes spilled blood to
                  | erupt in flames. [demonic ancestry]
 59569 | Vaults:5 | Reached XP level 24. HP: 165/201 MP: 39/39
 59630 | Vaults:5 | Found the +7 great mace "Undeadhunter" {disrupt, rN+}
 59902 | Vaults:5 | Received a gift from Okawaru
 60195 | Vaults:5 | Identified Segull's Handbook of Arcane Weapons
 60339 | Vaults:5 | Got a silver rune of Zot
 60356 | Vaults:5 | Found Durix's Distillery.
 60356 | Vaults:5 | Found Esses's Distillery.
 60360 | Vaults:5 | Bought a potion of heal wounds for 70 gold pieces
 60360 | Vaults:5 | Bought a potion of heal wounds for 70 gold pieces
 60360 | Vaults:5 | Bought a potion of haste for 140 gold pieces
 60367 | Vaults:5 | Bought a potion of heal wounds for 80 gold pieces
 60680 | Hell     | Entered the Vestibule of Hell
 60680 | Hell     | Noticed Geryon
 60760 | Hell     | Received a gift from Okawaru
 61287 | Depths:2 | Received a gift from Okawaru
 61954 | Depths:2 | Received a gift from Okawaru
 61963 | Depths:2 | Identified the amulet of the Devil {Regen+ Int+4}
 62134 | Depths:2 | Identified the cursed +3 quarterstaff "Siasuedu" {freeze,
                  | Stlth+}
 62974 | Hell     | Killed Geryon
 63314 | Hell     | Found a gateway to the ashen valley of Gehenna.
 63324 | Hell     | Received a gift from Okawaru
 63406 | Hell     | Found a gateway to the decaying netherworld of Tartarus.
 63421 | Hell     | Received a gift from Okawaru
 63441 | Hell     | Identified the +4 crystal plate armour of Dyspraxia {Str+7}
                  | (Okawaru gifted it to you in the Vestibule of Hell)
 63470 | Hell     | Found a gateway to the freezing wastes of Cocytus.
 63609 | Hell     | Found a gateway to the Iron City of Dis.
 63901 | Depths:3 | Reached XP level 25. HP: 189/211 MP: 40/40
 64340 | Depths:3 | Found a gateway to a ziggurat.
 64782 | Depths:3 | Received a gift from Okawaru
 64931 | Depths:3 | Found a one-way gate leading to the halls of Pandemonium.
 65269 | Depths:4 | Found a one-way gate to the infinite horrors of the Abyss.
 65471 | Depths:4 | Acquired 472 gold pieces
 66018 | Depths:4 | Found an ancient bone altar of Kikubaaqudgha.
 66088 | Depths:4 | Noticed a greater mummy
 66102 | Depths:4 | Killed a greater mummy
 66200 | Depths:4 | Found a shimmering blue altar of Sif Muna.
 66256 | Depths:4 | Reached skill level 27 in Invocations
 66456 | Depths:4 | Received a gift from Okawaru
 66472 | Depths:4 | Found The Legendary Estodam's Legendary Smithy.
 66584 | Depths:4 | Found a hazy altar of Hepliaklqana.
 66637 | Depths:4 | Found Hamup's Miraculous Elixirs.
 66686 | Depths:4 | Found Wutatos's General Store.
 66697 | Depths:4 | Bought a scroll of teleportation for 45 gold pieces
 66854 | Depths:5 | Entered Level 5 of the Depths
 67350 | Depths:5 | Identified the cursed +1 ring mail of the Lute {rElec Dex-2
                  | Stlth+} (You found it on level 5 of the Depths)
 67481 | Depths:5 | Reached XP level 26. HP: 200/222 MP: 40/40
 67503 | Depths:5 | Found a gate to the Realm of Zot.
 67521 | Depths:5 | Received a gift from Okawaru
 67813 | Zot:1    | Entered Level 1 of the Realm of Zot
 69242 | Zot:2    | Received a gift from Okawaru
 70176 | Zot:3    | Noticed an orb of fire
 70176 | Zot:3    | Gained mutation: Your spells are a little easier to cast,
                  | but a little less powerful. [an orb of fire]
 70191 | Zot:3    | Gained mutation: Your magical capacity is low. (-10% MP)
                  | [an orb of fire]
 70194 | Zot:3    | Gained mutation: Armour fits poorly on your strangely
                  | shaped body. [an orb of fire]
 70199 | Zot:3    | Killed an orb of fire
 70355 | Zot:3    | Received a gift from Okawaru
 70547 | Zot:3    | Reached XP level 27. HP: 231/233 MP: 36/36
 70847 | Zot:3    | Reached skill level 15 in Dodging
 71245 | Zot:4    | Received a gift from Okawaru
 71825 | Zot:4    | Received a gift from Okawaru
 71883 | Zot:4    | Noticed an orb of fire
 71885 | Zot:4    | Gained mutation: You are weak. (Str -2) [an orb of fire]
 71892 | Zot:4    | Killed an orb of fire
 71978 | Zot:4    | Received a gift from Okawaru
 72298 | Zot:5    | Entered Level 5 of the Realm of Zot
 72339 | Zot:5    | Received a gift from Okawaru
 72350 | Zot:5    | Lost mutation: Your mind is acute. (Int +2) [potion of
                  | mutation]
 72350 | Zot:5    | Lost mutation: Your system is resistant to poisons. (rPois)
                  | [potion of mutation]
 72350 | Zot:5    | Lost mutation: You expend magic power (3 MP) to strengthen
                  | your wands. [potion of mutation]
 72350 | Zot:5    | Lost mutation: Armour fits poorly on your strangely shaped
                  | body. [potion of mutation]
 72350 | Zot:5    | Gained mutation: Your spells are easier to cast, but less
                  | powerful. [potion of mutation]
 72350 | Zot:5    | Lost mutation: Your magical capacity is low. (-10% MP)
                  | [potion of mutation]
 72350 | Zot:5    | Gained mutation: You have large cloven feet. [potion of
                  | mutation]
 72350 | Zot:5    | Gained mutation: You have hoof-like feet. [potion of
                  | mutation]
 72351 | Zot:5    | Lost mutation: Your spells are easier to cast, but less
                  | powerful. [potion of mutation]
 72351 | Zot:5    | Lost mutation: You are weak. (Str -2) [potion of mutation]
 72351 | Zot:5    | Lost mutation: Your spells are a little easier to cast, but
                  | a little less powerful. [potion of mutation]
 72351 | Zot:5    | Lost mutation: You have hoof-like feet. [potion of
                  | mutation]
 72351 | Zot:5    | Gained mutation: You do not regenerate when monsters are
                  | visible. [potion of mutation]
 72351 | Zot:5    | Gained mutation: Scrolls take you a little longer to read.
                  | [potion of mutation]
 72351 | Zot:5    | Gained mutation: Your spells are a little harder to cast,
                  | but a little more powerful. [potion of mutation]
 72351 | Zot:5    | Gained mutation: Your flesh is cold resistant. (rC+)
                  | [potion of mutation]
 72352 | Zot:5    | Lost mutation: You have large cloven feet. [potion of
                  | mutation]
 72352 | Zot:5    | Lost mutation: Your spells are a little harder to cast, but
                  | a little more powerful. [potion of mutation]
 72352 | Zot:5    | Lost mutation: Scrolls take you a little longer to read.
                  | [potion of mutation]
 72352 | Zot:5    | Gained mutation: You are weak. (Str -2) [potion of
                  | mutation]
 72352 | Zot:5    | Gained mutation: Your spells are a little harder to cast,
                  | but a little more powerful. [potion of mutation]
 72353 | Zot:5    | Lost mutation: You are weak. (Str -2) [potion of mutation]
 72353 | Zot:5    | Lost mutation: Your spells are a little harder to cast, but
                  | a little more powerful. [potion of mutation]
 72353 | Zot:5    | Lost mutation: You do not regenerate when monsters are
                  | visible. [potion of mutation]
 72353 | Zot:5    | Gained mutation: You tend to lose your temper in combat.
                  | [potion of mutation]
 72353 | Zot:5    | Gained mutation: Your spells are a little harder to cast,
                  | but a little more powerful. [potion of mutation]
 72353 | Zot:5    | Gained mutation: Your spells are harder to cast, but more
                  | powerful. [potion of mutation]
 72354 | Zot:5    | Lost mutation: You tend to lose your temper in combat.
                  | [potion of mutation]
 72354 | Zot:5    | Lost mutation: Your spells are harder to cast, but more
                  | powerful. [potion of mutation]
 72354 | Zot:5    | Gained mutation: Your magical capacity is low. (-10% MP)
                  | [potion of mutation]
 72354 | Zot:5    | Gained mutation: You evolve. [potion of mutation]
 72354 | Zot:5    | Gained mutation: You are robust. (+10% HP) [potion of
                  | mutation]
 72388 | Zot:5    | Identified the +5 broad axe of Popular Demand {flame, rF+
                  | MR- Dex+5} (Okawaru gifted it to you on level 5 of the
                  | Realm of Zot)
 72771 | Zot:5    | Acquired a manual of Translocations
 72904 | Zot:5    | Noticed an ancient lich
 72920 | Zot:5    | Killed an ancient lich
 72966 | Zot:5    | Noticed an ancient lich
 72988 | Zot:5    | Killed an ancient lich
 73020 | Zot:5    | Received a gift from Okawaru
 73054 | Zot:5    | Noticed an orb of fire
 73058 | Zot:5    | Gained mutation: You are weak. (Str -2) [an orb of fire]
 73060 | Zot:5    | Gained mutation: You occasionally shout uncontrollably at
                  | your foes. [mutagenic glow]
 73073 | Zot:5    | Killed an orb of fire
 73085 | Zot:5    | Gained mutation: Armour fits poorly on your strangely
                  | shaped body. [mutagenic glow]
 73222 | Zot:5    | Reached skill level 1 in Spellcasting
 73240 | Zot:5    | Noticed an orb of fire
 73244 | Zot:5    | Gained mutation: Your body sometimes deteriorates upon
                  | taking damage. [an orb of fire]
 73246 | Zot:5    | Gained mutation: Scrolls take you a little longer to read.
                  | [an orb of fire]
 73266 | Zot:5    | Killed an orb of fire
 73437 | Zot:5    | Noticed an orb of fire
 73443 | Zot:5    | Lost mutation: You are robust. (+10% HP) [an orb of fire]
 73460 | Zot:5    | Killed an orb of fire
 73466 | Zot:5    | Reached skill level 15 in Shields
 73615 | Zot:5    | Noticed an ancient lich
 73624 | Zot:5    | Killed an ancient lich
 73624 | Zot:5    | Received a gift from Okawaru
 73672 | Zot:5    | Noticed an ancient lich
 73692 | Zot:5    | Killed an ancient lich
 73692 | Zot:5    | Received a gift from Okawaru
 73698 | Zot:5    | Noticed an ancient lich
 73722 | Zot:5    | Killed an ancient lich
 73722 | Zot:5    | Received a gift from Okawaru
 74151 | Zig:1    | Entered Level 1 of a ziggurat
 74173 | Zig:2    | Entered Level 2 of a ziggurat
 74191 | Zig:2    | Identified Uxkeh's Almanac of Flying Necromancy
 74194 | Zig:3    | Entered Level 3 of a ziggurat
 74220 | Zig:4    | Entered Level 4 of a ziggurat
 74266 | Zig:4    | Identified the cursed +1 crystal plate armour "Veith" {rN++
                  | MR+ Str-2} (You found it on level 4 of a ziggurat)
 74278 | Zig:5    | Entered Level 5 of a ziggurat
 74292 | Zig:5    | Received a gift from Okawaru
 74363 | Zig:6    | Entered Level 6 of a ziggurat
 74414 | Zig:7    | Entered Level 7 of a ziggurat
 74430 | Zig:7    | Received a gift from Okawaru
 74573 | Zig:8    | Entered Level 8 of a ziggurat
 74580 | Zig:8    | Reached skill level 15 in Translocations
 74616 | Zig:8    | Lost mutation: You are weak. (Str -2) [potion of mutation]
 74616 | Zig:8    | Lost mutation: Armour fits poorly on your strangely shaped
                  | body. [potion of mutation]
 74616 | Zig:8    | Lost mutation: You evolve. [potion of mutation]
 74616 | Zig:8    | Lost mutation: Scrolls take you a little longer to read.
                  | [potion of mutation]
 74616 | Zig:8    | Gained mutation: You are somewhat resistant to further
                  | mutation. [potion of mutation]
 74617 | Zig:8    | Lost mutation: Your magical capacity is low. (-10% MP)
                  | [potion of mutation]
 74617 | Zig:8    | Lost mutation: Your body sometimes deteriorates upon taking
                  | damage. [potion of mutation]
 74617 | Zig:8    | Lost mutation: Your spells are a little harder to cast, but
                  | a little more powerful. [potion of mutation]
 74617 | Zig:8    | Gained mutation: Scrolls take you a little longer to read.
                  | [potion of mutation]
 74618 | Zig:8    | Lost mutation: You are somewhat resistant to further
                  | mutation. [potion of mutation]
 74618 | Zig:8    | Lost mutation: You occasionally shout uncontrollably at
                  | your foes. [potion of mutation]
 74618 | Zig:8    | Lost mutation: Your flesh is cold resistant. (rC+) [potion
                  | of mutation]
 74618 | Zig:8    | Gained mutation: You have a beak for a mouth. [potion of
                  | mutation]
 74618 | Zig:8    | Lost mutation: Scrolls take you a little longer to read.
                  | [potion of mutation]
 74618 | Zig:8    | Gained mutation: Your mind is acute. (Int +2) [potion of
                  | mutation]
 74618 | Zig:8    | Gained mutation: Your spells are a little harder to cast,
                  | but a little more powerful. [potion of mutation]
 74630 | Zig:9    | Entered Level 9 of a ziggurat
 74669 | Zig:9    | Identified the ring of Niarhyuh {rC+ rN+ Str+4 Int-2} (You
                  | found it on level 9 of a ziggurat)
 74685 | Zig:10   | Entered Level 10 of a ziggurat
 74854 | Zig:10   | Identified the +4 chain mail of Ru's Brutal Revenge {rC-
                  | Str+2 Slay+3} (You found it on level 10 of a ziggurat)
 74860 | Zig:10   | Identified the +4 chain mail of Poor Excuses {*Contam rC+
                  | Int+9 Slay-5} (You found it on level 10 of a ziggurat)
 74863 | Zig:10   | Identified the cursed +1 crystal plate armour "Muuthila"
                  | {*Corrode Str+4 Dex+2 Slay+5} (You found it on level 10 of
                  | a ziggurat)
 74867 | Zig:10   | Identified the Almanac of the Postmodern Artisans
 74871 | Zig:10   | Identified the cursed -5 cloak of Least Resistance {rF+ rN+
                  | Str+2} (You found it on level 10 of a ziggurat)
 74884 | Zig:11   | Entered Level 11 of a ziggurat
 74906 | Zig:11   | Received a gift from Okawaru
 74929 | Zig:11   | Reached skill level 15 in Armour
 74942 | Zig:12   | Entered Level 12 of a ziggurat
 75001 | Zig:12   | Identified Kerumpie's Volume of the Unholy Compass
 75019 | Zig:13   | Entered Level 13 of a ziggurat
 75096 | Zig:13   | Identified the amulet "Luraec" {Spirit +Blink rC+ rN+} (You
                  | found it on level 13 of a ziggurat)
 75105 | Zig:14   | Entered Level 14 of a ziggurat
 75124 | Zig:14   | Noticed a greater mummy
 75126 | Zig:14   | Noticed a greater mummy
 75127 | Zig:14   | Noticed a greater mummy
 75133 | Zig:14   | Noticed a greater mummy
 75694 | Crypt:1  | Entered Level 1 of the Crypt
 76637 | Crypt:2  | Noticed Mara
 76645 | Crypt:2  | Noticed Ijustatesigmund's illusion
 76646 | Crypt:2  | Received a gift from Okawaru
 76661 | Crypt:2  | Killed Mara
 76866 | Crypt:2  | Noticed a greater mummy
 76884 | Crypt:2  | Killed a greater mummy
 76943 | Crypt:2  | Acquired the Almanac of the Voyage
 77080 | Crypt:2  | Noticed Donald
 77091 | Crypt:2  | Killed Donald
 77356 | Crypt:2  | Noticed a greater mummy
 77367 | Crypt:2  | Killed a greater mummy
 77412 | Crypt:2  | Noticed a greater mummy
 77426 | Crypt:2  | Killed a greater mummy
 77432 | Crypt:2  | Found the +7 sceptre of Torment {pain, torment}
 77494 | Crypt:3  | Entered Level 3 of the Crypt
 77494 | Crypt:3  | Noticed Xtahua
 77501 | Crypt:3  | Killed Xtahua
 77866 | Crypt:3  | Found a staircase to the Tomb.
 77881 | Crypt:3  | Found the +4 dagger "Morg" {pain, MR+ Int+5}
 77924 | Crypt:3  | Noticed Khufu
 77944 | Crypt:3  | Killed Khufu
 77949 | Crypt:3  | Noticed a greater mummy
 77965 | Crypt:3  | Noticed an ancient lich
 77971 | Crypt:3  | Killed a greater mummy
 77984 | Crypt:3  | Killed an ancient lich
 78251 | Crypt:3  | Acquired 599 gold pieces
 78608 | Crypt:3  | Found an ancient bone altar of Kikubaaqudgha.
 78618 | Crypt:3  | Received a gift from Okawaru
 78661 | Crypt:3  | Noticed an ancient lich
 78679 | Crypt:3  | Killed an ancient lich
 78701 | Crypt:3  | Identified Purphouz's Reference Book on the Glacier and
                  | Combat Magic
 78951 | Crypt:3  | Noticed Boris
 78963 | Crypt:3  | Killed Boris
 79302 | Tar:1    | Entered Level 1 of Tartarus
 79337 | Coc:1    | Entered Level 1 of Cocytus
 80448 | Coc:6    | Received a gift from Okawaru
 80685 | Coc:7    | Entered Level 7 of Cocytus
 80776 | Coc:7    | Received a gift from Okawaru
 81086 | Coc:7    | Received a gift from Okawaru
 81094 | Coc:7    | Reached skill level 10 in Evocations
 81249 | Coc:7    | Noticed Antaeus
 81573 | Coc:7    | Killed Antaeus
 81573 | Coc:7    | Received a gift from Okawaru
 81573 | Coc:7    | Reached skill level 10 in Stealth
 81709 | Coc:7    | Got an icy rune of Zot
 81917 | Geh:1    | Entered Level 1 of Gehenna
 82410 | Geh:4    | Received a gift from Okawaru
 83339 | Geh:7    | Entered Level 7 of Gehenna
 83526 | Geh:7    | Received a gift from Okawaru
 84113 | Geh:7    | Identified the ring "Enlew" {+Fly rC+++ rN+ MR- rCorr}
 84481 | Geh:7    | Identified the +7 sceptre of Asmodeus
 84481 | Geh:7    | Noticed Asmodeus
 84526 | Geh:7    | Killed Asmodeus
 84526 | Geh:7    | Received a gift from Okawaru
 84529 | Geh:7    | Identified the +4 scale mail of Purpose {+Fly rC+ Int+4}
                  | (Okawaru gifted it to you on level 7 of Gehenna)
 84543 | Geh:7    | Got an obsidian rune of Zot
 86277 | Tar:2    | Received a gift from Okawaru
 86277 | Tar:2    | Reached skill level 15 in Evocations
 87251 | Tar:7    | Entered Level 7 of Tartarus
 87342 | Tar:7    | Received a gift from Okawaru
 87380 | Tar:7    | Found the +0 sword of Power
 87546 | Tar:7    | Received a gift from Okawaru
 87963 | Tar:7    | Received a gift from Okawaru
 88015 | Tar:7    | Identified the +1 pair of boots of Qiowk {rElec} (Okawaru
                  | gifted it to you on level 7 of Tartarus)
 88190 | Tar:7    | Noticed Ereshkigal
 88245 | Tar:7    | Killed Ereshkigal
 89174 | Tar:7    | Noticed an ancient lich
 89192 | Tar:7    | Killed an ancient lich
 89380 | Tar:7    | Identified the amulet "Goxtoef" {Spirit Int+3 Dex+3} (You
                  | found it on level 7 of Tartarus)
 89547 | Tar:7    | Received a gift from Okawaru
 89856 | Tar:7    | Noticed an ancient lich
 89857 | Tar:7    | Noticed an ancient lich
 89868 | Tar:7    | Killed an ancient lich
 89872 | Tar:7    | Killed an ancient lich
 89876 | Tar:7    | Identified the ring of Xilit {rC- MP+9 Str+6 Int+6} (You
                  | found it on level 7 of Tartarus)
 90057 | Tar:7    | Got a bone rune of Zot
 90282 | Depths:4 | Voluntarily entered the Abyss.
 90311 | Abyss:1  | Found a corrupted altar of Lugonu.
 90353 | Abyss:1  | Received a gift from Okawaru
 90460 | Abyss:1  | Gained mutation: You occasionally shout uncontrollably at
                  | your foes. [a neqoxec]
 90556 | Abyss:2  | Found a corrupted altar of Lugonu.
 90689 | Abyss:2  | Found a corrupted altar of Lugonu.
 90717 | Abyss:3  | Acquired 501 gold pieces
 91019 | Abyss:3  | Gained mutation: Your body sometimes deteriorates upon
                  | taking damage. [a neqoxec]
 91050 | Abyss:3  | Received a gift from Okawaru
 91051 | Abyss:3  | Got a pair of dazzling gloves {god gift}
 91052 | Abyss:3  | Identified the -4 pair of gloves "Kiacvu" {Regen+} (Okawaru
                  | gifted it to you on level 3 of the Abyss)
 91255 | Abyss:3  | Gained mutation: Your body often deteriorates upon taking
                  | damage. [a cacodemon]
 91672 | Abyss:3  | Gained mutation: Potions are less effective at restoring
                  | your health. [a neqoxec]
 91673 | Abyss:3  | Gained mutation: You tend to lose your temper in combat. [a
                  | neqoxec]
 91687 | Abyss:3  | Paralysed by accursed screaming for 1 turns
 91693 | Abyss:3  | Paralysed by accursed screaming for 1 turns
 91814 | Abyss:3  | Noticed an ancient lich
 91817 | Abyss:3  | Gained mutation: You are weak. (Str -2) [a cacodemon]
 91827 | Abyss:3  | Killed an ancient lich
 91942 | Abyss:3  | Found a transporter.
 92071 | Abyss:3  | Gained mutation: You are clumsy. (Dex -2) [a neqoxec]
 92198 | Abyss:3  | Found a transporter.
 92330 | Abyss:3  | Received a gift from Okawaru
 92349 | Abyss:3  | Identified the +5 pair of boots of the Pink Corner {+Blink
                  | rElec rPois Int+5} (Okawaru gifted it to you on level 3 of
                  | the Abyss)
 93211 | Abyss:3  | Lost mutation: Your mind is acute. (Int +2) [a neqoxec]
 93304 | Abyss:3  | Gained mutation: Your magical capacity is low. (-10% MP) [a
                  | neqoxec]
 93381 | Abyss:3  | Found a corrupted altar of Lugonu.
 93383 | Abyss:3  | Got an abyssal rune of Zot
 93585 | Depths:4 | Escaped the Abyss
 93889 | Depths:4 | Lost mutation: You occasionally shout uncontrollably at
                  | your foes. [potion of mutation]
 93889 | Depths:4 | Gained mutation: Your flesh is very heat resistant. (rF++)
                  | [potion of mutation]
 93889 | Depths:4 | Lost mutation: You are weak. (Str -2) [potion of mutation]
 93889 | Depths:4 | Gained mutation: You are covered in fur. (AC +1) [potion of
                  | mutation]
 93889 | Depths:4 | Lost mutation: You are clumsy. (Dex -2) [potion of
                  | mutation]
 93890 | Depths:4 | Lost mutation: Your flesh is very heat resistant. (rF++)
                  | [potion of mutation]
 93890 | Depths:4 | Lost mutation: You tend to lose your temper in combat.
                  | [potion of mutation]
 93890 | Depths:4 | Lost mutation: Your magical capacity is low. (-10% MP)
                  | [potion of mutation]
 93890 | Depths:4 | Lost mutation: Your body often deteriorates upon taking
                  | damage. [potion of mutation]
 93890 | Depths:4 | Lost mutation: Your spells are a little harder to cast, but
                  | a little more powerful. [potion of mutation]
 93890 | Depths:4 | Gained mutation: Your flesh is cold resistant. (rC+)
                  | [potion of mutation]
 93890 | Depths:4 | Gained mutation: You possess an exceptional clarity of
                  | mind. [potion of mutation]
 93891 | Depths:4 | Lost mutation: Your body sometimes deteriorates upon taking
                  | damage. [potion of mutation]
 93891 | Depths:4 | Gained mutation: You expend magic power (3 MP) to
                  | strengthen your wands. [potion of mutation]
 93891 | Depths:4 | Gained mutation: You are resistant to hostile enchantments.
                  | (MR+) [potion of mutation]
 93891 | Depths:4 | Gained mutation: Your mind is acute. (Int +2) [potion of
                  | mutation]
 94305 | Tomb:1   | Entered Level 1 of the Tomb of the Ancients
 94484 | Tomb:1   | Received a gift from Okawaru
 94816 | Tomb:1   | Noticed a greater mummy
 94831 | Tomb:1   | Killed a greater mummy
 94831 | Tomb:1   | Received a gift from Okawaru
 95221 | Tomb:1   | Noticed an ancient lich
 95245 | Tomb:1   | Killed an ancient lich
 95666 | Tomb:2   | Noticed an ancient lich
 95679 | Tomb:2   | Killed an ancient lich
 95689 | Tomb:2   | Noticed a greater mummy
 95705 | Tomb:2   | Noticed a greater mummy
 96051 | Tomb:2   | Received a gift from Okawaru
 96166 | Tomb:3   | Entered Level 3 of the Tomb of the Ancients
 96179 | Tomb:3   | Noticed a greater mummy
 96182 | Tomb:3   | Noticed a greater mummy
 96220 | Tomb:3   | Killed a greater mummy
 96222 | Tomb:3   | Received a gift from Okawaru
 96253 | Tomb:3   | Received a gift from Okawaru
 96266 | Tomb:3   | Noticed a greater mummy
 96540 | Tomb:3   | Noticed a greater mummy
 96551 | Tomb:3   | HP: 11/238 [ushabti] (15)]
 96553 | Tomb:3   | HP: 3/243 [poisoned by an ushabti (dark miasma)]
 96554 | Tomb:3   | Found the +7 Kryia's mail coat {PotionHeal*2 rC+}
 96554 | Tomb:3   | Found the brooch of Shielding {Spirit SH+8}
 96577 | Tomb:3   | Killed a greater mummy
 96577 | Tomb:3   | Received a gift from Okawaru
 96844 | Tomb:3   | Noticed a greater mummy
 96853 | Tomb:3   | Noticed an ancient lich
 96857 | Tomb:3   | Noticed a greater mummy
 96858 | Tomb:3   | Killed a greater mummy
 96858 | Tomb:3   | Noticed a greater mummy
 97160 | Tomb:3   | Killed a greater mummy
 97173 | Tomb:3   | Killed a greater mummy
 97215 | Tomb:3   | Killed a greater mummy
 97224 | Tomb:3   | Killed an ancient lich
 97234 | Zig:1    | Entered Level 1 of a ziggurat
 97447 | Zig:2    | Entered Level 2 of a ziggurat
 97467 | Zig:3    | Entered Level 3 of a ziggurat
 97480 | Zig:3    | Received a gift from Okawaru
 97488 | Zig:3    | Identified the Disquisition on Bewitchment and Displacement
 97493 | Zig:4    | Entered Level 4 of a ziggurat
 97518 | Zig:4    | Received a gift from Okawaru
 97599 | Zig:5    | Entered Level 5 of a ziggurat
 97604 | Zig:5    | Noticed Zeimos the pandemonium lord
 97631 | Zig:5    | Killed Zeimos the pandemonium lord
 97644 | Zig:5    | Identified the ring "Laklum" {MR+ Str+5} (You found it on
                  | level 5 of a ziggurat)
 97646 | Zig:6    | Entered Level 6 of a ziggurat
 97687 | Zig:6    | Identified the amulet of Aliats {Reflect rN+ Int+4 Dex+5
                  | SH+5} (You found it on level 6 of a ziggurat)
 97799 | Zig:7    | Entered Level 7 of a ziggurat
 97803 | Zig:7    | Noticed an ancient lich
 97817 | Zig:7    | Killed an ancient lich
 97905 | Zig:7    | Identified Kocitim's Compendium of Translocation
 97932 | Zig:8    | Entered Level 8 of a ziggurat
 97941 | Zig:8    | Gained mutation: Your body sometimes deteriorates upon
                  | taking damage. [a shining eye]
 97953 | Zig:8    | Received a gift from Okawaru
 97956 | Zig:8    | Gained mutation: Scrolls take you a little longer to read.
                  | [a shining eye]
 97973 | Zig:8    | Identified the +6 broad axe "Diettifa" {drain, Fragile
                  | rElec rN++} (Okawaru gifted it to you on level 8 of a
                  | ziggurat)
 98132 | Zig:8    | Identified the ring of Pelec {Fire +Inv rN+} (You found it
                  | on level 8 of a ziggurat)
 98135 | Zig:9    | Entered Level 9 of a ziggurat
 98186 | Zig:9    | Found the +10 dark maul {vorpal}
 98269 | Tomb:3   | Reached skill level 27 in Axes
 98320 | Tomb:3   | Killed a greater mummy
 98482 | Tomb:3   | Got a serpentine turquoise ring
 98507 | Tomb:3   | Identified the ring of the Solstice {*Drain rF+ Int+6
                  | Stlth+} (You found it on level 3 of the Tomb of the
                  | Ancients)
 98719 | Tomb:3   | Identified the Compendium of Flying Summoning
 98813 | Tomb:3   | Got a golden rune of Zot
 98923 | Tomb:2   | Noticed a greater mummy
 98926 | Tomb:2   | Noticed a greater mummy
 99513 | Pan      | Entered Pandemonium
 99549 | Pan      | Noticed Cagynur the pandemonium lord
 99584 | Pan      | Killed Cagynur the pandemonium lord
 99808 | Pan      | Gained mutation: Your magical capacity is low. (-10% MP) [a
                  | cacodemon]
 99816 | Pan      | Gained mutation: Potions are poor at restoring your health.
                  | [a cacodemon]
 99821 | Pan      | Received a gift from Okawaru
 99870 | Pan      | Identified the cursed +0 plate armour "Gipsus" {rN+ Regen+
                  | Str+4}
100661 | Pan      | Entered the realm of Gloorx Vloq.
100958 | Pan      | Noticed Gloorx Vloq
100987 | Pan      | Killed Gloorx Vloq
101220 | Pan      | Got a dark rune of Zot
101508 | Pan      | Received a gift from Okawaru
101745 | Pan      | Entered the realm of Mnoleg.
101753 | Pan      | Learned a level 6 spell: Freezing Cloud
101777 | Pan      | Gained mutation: You are clumsy. (Dex -2) [a neqoxec]
101786 | Pan      | Noticed Mnoleg
101804 | Pan      | Gained mutation: Scrolls take you longer to read. [a
                  | cacodemon]
101809 | Pan      | Reached skill level 1 in Conjurations
101809 | Pan      | Reached skill level 1 in Ice Magic
101809 | Pan      | Reached skill level 1 in Air Magic
101823 | Pan      | Killed Mnoleg
101828 | Pan      | Paralysed by a floating eye for 3 turns
101843 | Pan      | Paralysed by a floating eye for 4 turns
101892 | Pan      | Gained mutation: You are occasionally teleported next to
                  | monsters. [a neqoxec]
101893 | Pan      | Gained mutation: Your spells are a little easier to cast,
                  | but a little less powerful. [a shining eye]
101914 | Pan      | Lost mutation: Potions are poor at restoring your health.
                  | [potion of mutation]
101914 | Pan      | Lost mutation: You expend magic power (3 MP) to strengthen
                  | your wands. [potion of mutation]
101914 | Pan      | Lost mutation: You are occasionally teleported next to
                  | monsters. [potion of mutation]
101914 | Pan      | Lost mutation: Scrolls take you longer to read. [potion of
                  | mutation]
101914 | Pan      | Lost mutation: Potions are less effective at restoring your
                  | health. [potion of mutation]
101914 | Pan      | Gained mutation: You are resistant to electric shocks.
                  | (rElec) [potion of mutation]
101925 | Pan      | Gained mutation: You are very clumsy. (Dex -4) [a shining
                  | eye]
102142 | Pan      | Lost mutation: You possess an exceptional clarity of mind.
                  | [a neqoxec]
102333 | Pan      | Got a glowing rune of Zot
102431 | Pan      | Lost mutation: Scrolls take you a little longer to read. [a
                  | neqoxec]
102470 | Pan      | Gained mutation: Scrolls take you a little longer to read.
                  | [a neqoxec]
102525 | Pan      | Gained mutation: Your spells are easier to cast, but less
                  | powerful. [a cacodemon]
102797 | Pan      | Entered the realm of Lom Lobon.
102958 | Pan      | Reached skill level 5 in Conjurations
103380 | Pan      | Reached skill level 5 in Ice Magic
103391 | Pan      | Reached skill level 5 in Air Magic
103596 | Pan      | Noticed Lom Lobon
103634 | Pan      | Killed Lom Lobon
103634 | Pan      | Received a gift from Okawaru
103735 | Pan      | Identified the +5 plate armour "Eloarorch" {Str+4} (Okawaru
                  | gifted it to you in Pandemonium)
103841 | Pan      | Got a magical rune of Zot
104131 | Pan      | Noticed Myrer the pandemonium lord
104138 | Pan      | HP: 5/243 [Executioner (15)]
104597 | Pan      | Killed Myrer the pandemonium lord
104752 | Pan      | Lost mutation: Your mind is acute. (Int +2) [potion of
                  | mutation]
104752 | Pan      | Lost mutation: Your body sometimes deteriorates upon taking
                  | damage. [potion of mutation]
104752 | Pan      | Lost mutation: Your flesh is cold resistant. (rC+) [potion
                  | of mutation]
104752 | Pan      | Gained mutation: You are covered in thick fur. (AC +2)
                  | [potion of mutation]
104752 | Pan      | Gained mutation: You are highly resistant to hostile
                  | enchantments. (MR++) [potion of mutation]
104791 | Pan      | Identified the amulet of Moejuvuf {Acrobat Str+4}
105072 | Pan      | Noticed Veycekir the pandemonium lord
105103 | Pan      | Killed Veycekir the pandemonium lord
105103 | Pan      | Received a gift from Okawaru
105288 | Pan      | Entered the realm of Cerebov.
105288 | Pan      | Identified the +6 sword of Cerebov {flame}
105288 | Pan      | Noticed Cerebov
105582 | Pan      | Received a gift from Okawaru
105833 | Pan      | Found an exit through the horrors of the Abyss.
106211 | Pan      | Reached skill level 10 in Conjurations
106496 | Pan      | Identified the +5 quarterstaff of Valuable Assets {protect,
                  | Dex+5}
106591 | Pan      | Identified the Grimoire of Damaging Malediction
106706 | Pan      | Got a fiery rune of Zot
106806 | Pan      | Took an exit into the Abyss.
106806 | Abyss:1  | Escaped into the Abyss
106806 | Abyss:1  | Found a corrupted altar of Lugonu.
106967 | Depths:3 | Escaped the Abyss
107045 | Dis:1    | Entered Level 1 of the Iron City of Dis
107075 | Dis:1    | Reached skill level 10 in Air Magic
107088 | Dis:1    | Reached skill level 10 in Ice Magic
107093 | Dis:1    | Received a gift from Okawaru
107162 | Dis:1    | Lost mutation: You are highly resistant to hostile
                  | enchantments. (MR++) [potion of mutation]
107162 | Dis:1    | Lost mutation: Your magical capacity is low. (-10% MP)
                  | [potion of mutation]
107162 | Dis:1    | Lost mutation: You are very clumsy. (Dex -4) [potion of
                  | mutation]
107162 | Dis:1    | Gained mutation: Your natural rate of healing is unusually
                  | fast. [potion of mutation]
107162 | Dis:1    | Lost mutation: Your natural rate of healing is unusually
                  | fast. [potion of mutation]
107162 | Dis:1    | Gained mutation: You have an increased reservoir of magic.
                  | (+10% MP) [potion of mutation]
107163 | Dis:1    | Lost mutation: You are resistant to hostile enchantments.
                  | (MR+) [potion of mutation]
107163 | Dis:1    | Lost mutation: You have an increased reservoir of magic.
                  | (+10% MP) [potion of mutation]
107163 | Dis:1    | Lost mutation: Your spells are easier to cast, but less
                  | powerful. [potion of mutation]
107163 | Dis:1    | Gained mutation: You occasionally shout uncontrollably at
                  | your foes. [potion of mutation]
107163 | Dis:1    | Gained mutation: Armour fits poorly on your strangely
                  | shaped body. [potion of mutation]
107163 | Dis:1    | Gained mutation: You have sharp fingernails. [potion of
                  | mutation]
107164 | Dis:1    | Lost mutation: Scrolls take you a little longer to read.
                  | [potion of mutation]
107164 | Dis:1    | Lost mutation: You are clumsy. (Dex -2) [potion of
                  | mutation]
107164 | Dis:1    | Gained mutation: You possess an exceptional clarity of
                  | mind. [potion of mutation]
107164 | Dis:1    | Lost mutation: You possess an exceptional clarity of mind.
                  | [potion of mutation]
107164 | Dis:1    | Gained mutation: You have large cloven feet. [potion of
                  | mutation]
107165 | Dis:1    | Lost mutation: Your spells are a little easier to cast, but
                  | a little less powerful. [potion of mutation]
107165 | Dis:1    | Lost mutation: Armour fits poorly on your strangely shaped
                  | body. [potion of mutation]
107165 | Dis:1    | Lost mutation: You are resistant to electric shocks.
                  | (rElec) [potion of mutation]
107165 | Dis:1    | Gained mutation: Your system is resistant to poisons.
                  | (rPois) [potion of mutation]
107165 | Dis:1    | Gained mutation: You passively map a small area around you.
                  | [potion of mutation]
108172 | Dis:4    | You fall into a shaft and drop 2 floors!
108181 | Dis:7    | Entered Level 7 of the Iron City of Dis
108757 | Dis:7    | Received a gift from Okawaru
108959 | Dis:7    | Identified the ring "Rolyfago" {rElec Int+6}
108961 | Dis:7    | Identified the +10 quarterstaff of the Sky {antimagic,
                  | rF++}
108961 | Dis:7    | Identified the ring "Wodiedyu" {rPois AC+4}
109000 | Dis:7    | Received a gift from Okawaru
109348 | Dis:7    | Found the +8 orange crystal plate armour {Archmagi, Int+3
                  | Clar}
110474 | Dis:7    | Identified the ring "Yrghodui" {rF+ rN+ Str+3 SInv}
110493 | Dis:7    | Received a gift from Okawaru
110586 | Dis:7    | Identified the +4 staff of Dispater
110586 | Dis:7    | Noticed Dispater
110668 | Dis:7    | Killed Dispater
110673 | Dis:7    | Got an iron rune of Zot
110700 | Dis:7    | Identified the cursed +0 cloak of the Boiling Point {Dex+4}
                  | (You found it on level 7 of the Iron City of Dis)
110879 | Pan      | Entered Pandemonium
110952 | Pan      | Gained mutation: Scrolls take you a little longer to read.
                  | [a cacodemon]
111411 | Pan      | Received a gift from Okawaru
111411 | Pan      | Noticed Giwo Noa the pandemonium lord
111424 | Pan      | Killed Giwo Noa the pandemonium lord
111977 | Pan      | Found a transporter.
112094 | Pan      | Lost mutation: You passively map a small area around you.
                  | [a cacodemon]
112302 | Pan      | Noticed Xawiqaf the pandemonium lord
112328 | Pan      | Killed Xawiqaf the pandemonium lord
112494 | Pan      | Received a gift from Okawaru
112584 | Pan      | Reached skill level 15 in Air Magic
112588 | Pan      | Noticed Vule the pandemonium lord
112611 | Pan      | Killed Vule the pandemonium lord
112611 | Pan      | Reached skill level 15 in Ice Magic
112848 | Pan      | Identified Hetask's Incunabulum of Entrancing Intoxication
113005 | Pan      | Gained mutation: Your body sometimes deteriorates upon
                  | taking damage. [a cacodemon]
113020 | Pan      | Reached skill level 15 in Conjurations
113081 | Pan      | Found an exit through the horrors of the Abyss.
113093 | Pan      | Acquired a manual of Spellcasting
113133 | Pan      | Reached skill level 5 in Spellcasting
113177 | Pan      | Received a gift from Okawaru
113448 | Pan      | Noticed Mennas
113471 | Pan      | Noticed Mennas
113487 | Pan      | Noticed Wiwnokohy the pandemonium lord
113496 | Pan      | Gained mutation: Armour fits poorly on your strangely
                  | shaped body. [a cacodemon]
113499 | Pan      | Killed from afar by a hellion

Illustrated notes

Levels and vault maps discovered:
D:1:      saegor_arrival_miasma, layout_basic, st_stairs_2,
          kennysheep_flooded_box, kennysheep_nondescript
D:2:      layout_basic, uniq_crazy_yiuf_cottage
D:3:      layout_basic, chequers_ecumenical_altar_simple
D:4:      layout_loops_ring, serial_rivers, chequers_serial_rivers_small_3,
          chequers_serial_rivers_small_a, chequers_serial_rivers_micro_e,
          chequers_serial_rivers_micro_b, chequers_serial_rivers_large_a,
          chequers_serial_rivers_micro_a, hangedman_ru_absence
D:5:      layout_basic, serial_shops, shop
D:6:      layout_cave_pools, kennysheep_okawaru_gauntlet, gammafunk_ghost_arena
D:7:      layout_basic, minmay_temple_entry_mist, basic_altar, serial_shops,
          shop
D:8:      layout_basic, enter_bailey_2
D:9:      wad_statue_garden, layout_cave_pools, orc_0_dummy,
          nrook_guardian_serpent_ordinary
D:10:     layout_basic, dpeg_oklobed_lair, gammafunk_ghost_stat_death
D:11:     minmay_the_grid_plus_closed [minmay_the_grid_garden,
          minmay_the_grid_outer_diamond, minmay_the_grid_x,
          minmay_the_grid_dragon_a, minmay_the_grid_prize_diamond_cup],
          layout_loops_corners, gammafunk_ghost_wrathful_warriors,
          due_unseen_surprise
D:12:     layout_cave_pods, serial_park, serial_park_square2,
          serial_park_tiny_2, serial_park_tiny_1
D:13:     layout_layer_cave, erik_vaults_1, serial_park_tiny_1, uniq_urug,
          uniq_nessos, uniq_azrael
D:14:     layout_cave_pools, minmay_misc_feat_alley, minmay_unpleasant_kobolds
D:15:     grunt_enter_depths_snipers, layout_irregular_city,
          chequers_mini_garden
Temple:   roderic_octagonal_lattice_temple
Lair:1:   layout_hall_layers, gauntlet_entry_generic, lemuel_fruit_fields,
          grunt_megastairs_2, infiniplex_staircase_pool
Lair:2:   layout_concentric_octagons, nicolae_swamp_entry_splash_gauntlet,
          serial_rivers, chequers_serial_rivers_micro_c,
          chequers_serial_rivers_small_a, chequers_serial_rivers_micro_c,
          chequers_serial_rivers_marsh, chequers_serial_rivers_micro_b
Lair:3:   layout_small_grid, serial_bayou_shore_a
Lair:4:   layout_regular_city, spider_nest_entry_funnel_web, basic_altar
Lair:5:   layout_long_grid, infiniplex_staircase_pool_2,
          minmay_lair_oklob_chamber, serial_bayou_shore_b
Lair:6:   hangedman_lair_caniforms_friends, layout_cellular_growth,
          guppyfry_lair_end_dragon, slime_altar_1,
          chequers_serial_rivers_micro_e, lemuel_fruit_tree
Swamp:1:  layout_basic_swamp, evilmike_swamp_ruin_house_5
Swamp:2:  layout_falls_marsh, ebering_ghost_funeral_grove,
          evilmike_swamp_ruin_house_4, uniq_roxanne
Swamp:3:  layout_basic_swamp, serial_swamp_ruin, evilmike_swamp_ruin_house_2,
          hangedman_swamp_ruin_wall, evilmike_swamp_ruin_rubble_2, swamp_pool5,
          uniq_louise
Swamp:4:  swamp_vile, layout_basic_swamp
Spider:1: layout_spider_delve, uniq_jorgrun
Spider:2: layout_chambers, gammafunk_ghost_necromancy, spiders_nest_hornet_nest,
          uniq_arachne, uniq_aizul
Spider:3: layout_spider_delve
Spider:4: grunt_spider_rune_circles, drop_trap, nicolae_spider_webbed_stairs,
          uniq_kirke
Orc:1:    layout_diamond_mine, serial_shops, shop_fountains, trog_butcher_becter
Orc:2:    st_orc_elflike, layout_caves, uniq_maurice
Elf:1:    eino_elf_arrival_the_gate, layout_geoelf_octagon, evilmike_minifort,
          minmay_shop_grove, uniq_agnes
Elf:2:    layout_rooms
Elf:3:    minmay_elf_hall_dome, layout_gridlike, serial_shops, shop, shop,
          nicolae_shop_stone, nicolae_shop_crystal
Vaults:1: ontoclasm_vaults_loading_screen, ontoclasm_vaults_chip,
          nicolae_vaults_circle_grid_b, v_misc_4, hangedman_vaults_stitches,
          grunt_vaults_focal, vaults_room_corners, v_alt_pattern_1,
          v_alt_pattern_3, nicolae_vaults_network_star, grunt_vaults_trifunnel,
          layout_vaults_omnibox
Vaults:2: gammafunk_vaults_ghost_split, nicolae_vaults_sealed_display,
          vaults_room_octagon, hangedman_vaults_hard_town_square,
          nicolae_vaults_windows_and_doors_thing, hangedman_vaults_nodes,
          vaults_room_pool, hangedman_vaults_slither, hangedman_vaults_slice,
          v_alt_pattern_1, grunt_vaults_diagonal, vaults_room_large_hall,
          vaults_room_pool, vaults_room_fours, layout_vaults_maze_snakey,
          serial_shops, bzr_entry_gold, portal_desolation_entry_garden,
          uniq_frederick
Vaults:3: nicolae_vaults_network_square, v_misc_12, blue_anna_dwarven_crypt,
          vaults_mumra_hexcomb, nicolae_vaults_little_squares_4,
          vaults_room_stairs_pillars, v_misc_25, vaults_dpeg_diagonal,
          v_misc_16, nicolae_vaults_shelves_hall, v_misc_26,
          ontoclasm_vaults_idyll, serial_ice_b, ontoclasm_vaults_ring_small,
          layout_vaults_ring, serial_shops, nicolae_shop_statue_plus,
          nicolae_shop_window_shopping, shop, nicolae_shop_statue_plus, shop
Vaults:4: ontoclasm_vaults_chip, vaults_dpeg_hooks,
          nicolae_vaults_yaktaur_gun_rack, v_misc_29, v_misc_29,
          vaults_dpeg_ring, hangedman_vaults_capsules,
          nicolae_vaults_three_branches, vaults_room_stairs_pillars,
          layout_vaults_omnigrid, serial_shops, shop, shop
Vaults:5
Crypt:1:  layout_gridlike, serial_sigils, serial_sigils_hangedman_etch,
          serial_sigils_hangedman_confine, serial_sigils_hangedman_shear,
          serial_sigils_hangedman_carve, serial_sigils_hangedman_stare,
          serial_sigils_hangedman_scar, serial_sigils_hangedman_writhe
Crypt:2:  minmay_guarded_unrand_sceptre_of_torment, layout_chaotic_city,
          uniq_mara, uniq_donald
Crypt:3:  quadcrypt_mu, uniq_boris, uniq_khufu, uniq_xtahua
Tomb:1
Tomb:2
Tomb:3
Depths:1: layout_roguey, pf_coc_iceberg, nicolae_benzene_ring,
          gammafunk_ghost_grave, kennysheep_generic_room_10, uniq_sojobo,
          uniq_enchantress
Depths:2: box_level_dp, serial_shops, hell_entry
Depths:3: hangedman_cross_veins, layout_gridlike, enter_ziggurat_c,
          corexii_corridor_pit, grunt_hell_entry_dis_grunt,
          rand_demon_pan_entry_1, serial_bayou_shore_b,
          minmay_staircase_windowed_large
Depths:4: grated_community_mu [grated_community_mu_vampire_home,
          grated_community_mu_giant_home, grated_community_mu_spellcaster_home,
          grated_community_mu_orcish_home, grated_community_mu_troll_home,
          grated_community_mu_taur_home, grated_community_mu_unbuilt_plot],
          layout_small_grid, abyss_entry, hell_entry, evilmike_butchery
Depths:5: grunt_zot_entry_alcove, layout_cave_shapes, pan_entry,
          minmay_misc_feat_diagonals, hell_entry
Hell
Dis:1:    layout_regular_city
Dis:2:    layout_regular_city
Dis:3:    layout_gridville
Dis:4:    layout_chaotic_city
Dis:6:    layout_subdivisions
Dis:7:    dis_st
Geh:1:    layout_gehenna_pools_box
Geh:2:    layout_gehenna_lava_caves, evilmike_ambush
          [evilmike_ambush_outer_corners, evilmike_ambush_inner_basic]
Geh:3:    layout_gehenna_lava_caves
Geh:4:    layout_gehenna_pools_box
Geh:5:    layout_gehenna_lava_caves
Geh:6:    layout_gehenna_pools_basic
Geh:7:    geh_grunt
Coc:1:    layout_cocytus_delve
Coc:2:    layout_cocytus_water_paths, serial_ice, serial_ice_e
Coc:3:    layout_cocytus_water_paths
Coc:4:    layout_cocytus_water_paths
Coc:5:    layout_ice_bergs
Coc:6:    layout_ice_bergs
Coc:7:    coc_hangedman
Tar:1:    layout_grid_maze
Tar:2:    layout_grid_maze, nicolae_tar_cuneiform_two,
          nicolae_tar_fractal_crypt, grunt_megastairs_1
Tar:3:    layout_cathedral_of_symmetry
Tar:4:    layout_cathedral_of_symmetry
Tar:5:    layout_honeycomb
Tar:6:    layout_catacombs, lemuel_nasty_fountain
Tar:7:    tar_grunt_cathedral
Zot:1:    grunt_zot_stairs_overgrown, layout_basic
Zot:2:    layout_concentric_octagons, st_single_dragon_hoard_2
Zot:3:    kennysheep_spiral_hall, layout_misc_corridors
Zot:4:    layout_cellular_growth, zot_minivault_4
Zot:5:    layout_misc_corridors
Pan:      evilmike_mini_pan_doors_b, layout_gridlike, evilmike_gloorx_vloq_box,
          layout_gridlike, pan_blood_fountain_small, nicolae_pan_mnolegish_1,
          rand_demon_6, layout_grid_shapes, nicolae_pan_lom_lobonic_3,
          grunt_pan_frozen_over, layout_pan_divisions_b
          [pan_division_quadrant_b3, pan_division_quadrant_b4,
          pan_division_quadrant_b4, pan_division_quadrant_b6], uniq_mennas_pan,
          nicolae_pan_sigil_uleosi, nicolae_pan_lom_lobonic_1, rand_demon_8,
          layout_gridlike, grunt_pan_spiral, layout_cross,
          pan_blood_fountain_small, nicolae_pan_lom_lobonic_3,
          nicolae_pan_sigil_uleosi, mnoleg_grunt_wretched_star,
          layout_cellular_growth, evilmike_mini_pan_other_thingy,
          layout_chambers, nicolae_pan_mnolegish_3,
          regret_index_pan_draining_boxed, layout_rooms, lemuel_hall_of_pain,
          layout_irregular_city, lom_lobon_grunt_wind_tunnels,
          layout_irregular_city, rand_demon_8, layout_chambers,
          pan_blood_fountain_small, evilmike_mini_pan_3x3, layout_basic,
          pan_blood_fountain_small, nicolae_pan_mnolegish_4, cerebov,
          layout_long_grid, grunt_pan_in_and_out, layout_irregular_city,
          gammafunk_the_bubble [the_bubble_gammafunk_roulette],
          layout_irregular_city, evilmike_mini_pan_branches,
          layout_irregular_city, pan_blood_fountain_small,
          nicolae_pan_gloorx_vloqian_4, evilmike_mini_pan_corner,
          layout_gridville, grunt_pan_spiral, layout_long_grid, pan_surprise,
          rand_demon_2, layout_small_grid, evilmike_mini_pan_corner,
          layout_long_grid, evilmike_mini_pan_corridor, layout_chambers,
          gammafunk_dig_for_victory, layout_gridlike, rand_demon_2,
          layout_basic, uniq_mennas_pan, nicolae_pan_lom_lobonic_1,
          reaverb_pan_figure_eight, lemuel_hellion_island, layout_basic,
          uniq_mennas_pan

Skill      XL: |  1  2  3  4  5  6  7  8  9 10 11 12 13 14 15 16 17 18 19 20 21 22 23 24 25 26 27 |
---------------+----------------------------------------------------------------------------------+-----
Axes           | 2 3 4 5 6 7 9 10 12 13 14 15 16 18 27 | 27.0
Dodging        | 1 2 3 4 5 6 7 9 10 11 12 14 20 | 20.0
Fighting       | 4 5 6 7 8 10 11 12 13 14 15 16 17 18 19 20 21 22 25 | 25.6
Shields        | 3 4 5 6 7 9 11 13 14 18 | 18.9
Armour         | 3 4 5 6 7 8 10 11 12 13 14 21 | 21.9
Invocations    | 4 6 13 15 16 18 19 20 21 22 23 24 25 26 27 | 27.0
Translocations | 6 7 8 10 12 15 | 15.4
Throwing       | 3 5 |  5.7
Stealth        | 5 11 | 11.6
Evocations     | 5 7 25 | 25.5
Spellcasting   | 6 |  6.0
Conjurations   | 15 | 15.1
Ice Magic      | 15 | 15.4
Air Magic      | 15 | 15.4

Action                   |  1- 3 |  4- 6 |  7- 9 | 10-12 | 13-15 | 16-18 | 19-21 | 22-24 | 25-27 || total
-------------------------+-------+-------+-------+-------+-------+-------+-------+-------+-------++-------
Melee: War axe           |   160 |   134 |       |    20 |       |       |       |       |       ||   314
       Hand axe          |       |    78 |   557 |   490 |       |       |       |       |       ||  1125
       Unarmed           |       |     2 |       |       |       |       |       |       |       ||     2
       Broad axe         |       |       |       |   332 |   683 |  1643 |  1652 |  1180 | 11053 || 16543
       Peck              |       |       |       |       |       |       |       |       |  3094 ||  3094
Throw: Dart              |       |       |    10 |     1 |    11 |     5 |       |     2 |     6 ||    35
 Cast: Apportation       |       |       |       |       |       |       |     1 |       |    16 ||    17
       Blink             |       |       |       |       |       |       |       |     1 |    11 ||    12
       Lesser Beckoning  |       |       |       |       |       |       |       |     7 |    65 ||    72
       Freezing Cloud    |       |       |       |       |       |       |       |       |     1 ||     1
Invok: Heroism           |       |       |     2 |     8 |     6 |    11 |     6 |    11 |    57 ||   101
       Finesse           |       |       |       |     3 |     4 |     3 |     3 |     6 |    45 ||    64
Evoke: Wand              |       |     8 |     8 |     5 |    49 |    29 |     2 |    11 |    62 ||   174
       Condenser vane    |       |       |       |       |       |       |       |     1 |     5 ||     6
       Phantom mirror    |       |       |       |       |       |       |       |       |     2 ||     2
       Figurine of a zig |       |       |       |       |       |       |       |       |     1 ||     1
  Use: Scroll            |     7 |    10 |     4 |    11 |    11 |    26 |    22 |    12 |   101 ||   204
       Potion            |       |     5 |     3 |    10 |     6 |    15 |     2 |     9 |    61 ||   111
 Stab: Sleeping          |       |     2 |     6 |     5 |       |       |       |       |     4 ||    17
       Distracted        |       |       |     1 |     2 |       |       |       |     1 |    14 ||    18
       Invisible         |       |       |       |     3 |       |       |       |       |     9 ||    12
       Confused          |       |       |       |       |       |     4 |       |       |       ||     4
       Paralysed         |       |       |       |       |       |     2 |       |       |     1 ||     3
       Held in net/web   |       |       |       |       |       |     4 |       |       |       ||     4
       Petrifying        |       |       |       |       |       |       |       |       |     1 ||     1
Armor: Scale mail        |    99 |    55 |       |       |       |       |       |       |       ||   154
       Ring mail         |       |    10 |   155 |   184 |    32 |       |       |       |       ||   381
       Plate armour      |       |       |       |       |   177 |   575 |   232 |   288 |   185 ||  1457
       Crystal plate arm |       |       |       |       |       |       |       |       |  1805 ||  1805
       Fire dragon scale |       |       |       |       |       |       |       |       |   269 ||   269
Dodge: Dodged            |    62 |    76 |   229 |   420 |   363 |   631 |   520 |   658 |  3167 ||  6126
       Repelled          |       |       |       |       |       |       |    11 |    30 |   117 ||   158
Block: Kite shield       |    92 |    90 |   295 |   451 |   174 |       |       |       |       ||  1102
       Tower shield      |       |       |       |       |   437 |  2131 |  1643 |  1440 | 10214 || 15865

Table legend: (Time is in decaauts)
 A = Elapsed time spent in this place.
 B = Non-inter-level travel time spent in this place.
 C = Inter-level travel time spent in this place.
 D = Time resting spent in this place.
 E = Time spent auto-exploring this place.
 F = Levels seen in this place.
 G = Mean time per level.
                   A        B        C        D        E       F      G
               +--------+--------+--------+--------+--------+-----+--------+
         Total | 107438 | 101133 |   6305 |  25191 |  44636 | 140 |  767.4 |
       Dungeon |  21676 |  19557 |   2119 |   5301 |  10144 |  15 | 1445.1 |
        Temple |    286 |    263 |     23 |      2 |    238 |   1 |  286.0 |
          Lair |   7533 |   6929 |    604 |   1933 |   3692 |   6 | 1255.5 |
         Swamp |   5123 |   4946 |    177 |   1404 |   2526 |   4 | 1280.8 |
   Spider Nest |   6220 |   6063 |    157 |   2444 |   2377 |   4 | 1555.0 |
  Orcish Mines |   1978 |   1832 |    146 |    381 |    911 |   2 |  989.0 |
   Elven Halls |   3042 |   2917 |    125 |    406 |   1507 |   3 | 1014.0 |
        Vaults |   9625 |   8628 |    997 |   2615 |   3560 |   5 | 1925.0 |
         Crypt |   3315 |   2882 |    433 |     61 |   1866 |   3 | 1105.0 |
          Tomb |   3478 |   3383 |     95 |   1478 |    847 |   3 | 1159.3 |
        Depths |   9235 |   8381 |    854 |   2297 |   4105 |   5 | 1847.0 |
          Hell |   1118 |    942 |    176 |    196 |    272 |   1 | 1118.0 |
           Dis |   3382 |   3289 |     93 |    620 |   1129 |   6 |  563.7 |
       Gehenna |   2511 |   2474 |     37 |    377 |    763 |   7 |  358.7 |
       Cocytus |   2145 |   2136 |      9 |    149 |    764 |   7 |  306.4 |
      Tartarus |   4542 |   4482 |     60 |    726 |   1659 |   7 |  648.9 |
           Zot |   5715 |   5523 |    192 |   1180 |   2997 |   5 | 1143.0 |
         Abyss |   3081 |   3081 |      0 |    447 |    949 |   4 |  770.2 |
   Pandemonium |   8772 |   8772 |      0 |   1599 |   3328 |  25 |  350.9 |
      Ziggurat |   1792 |   1792 |      0 |    854 |     45 |  23 |   77.9 |
        Bazaar |    138 |    138 |      0 |      0 |    107 |   1 |  138.0 |
        Bailey |    872 |    872 |      0 |     98 |    429 |   1 |  872.0 |
    Desolation |    987 |    987 |      0 |    172 |    415 |   1 |  987.0 |
      Gauntlet |    862 |    862 |      0 |    443 |      0 |   1 |  862.0 |
               +--------+--------+--------+--------+--------+-----+--------+

Top non-repeatable levels by time:
Vaults:4: 3388 daAuts
     D:9: 3119 daAuts
 Abyss:3: 2552 daAuts
   Tar:7: 2529 daAuts
Depths:2: 2468 daAuts
    D:10: 2391 daAuts
   Dis:7: 2349 daAuts
Depths:1: 2120 daAuts
Spider:4: 2113 daAuts
    D:11: 2110 daAuts
Depths:4: 2046 daAuts
Spider:2: 2007 daAuts
Vaults:1: 1896 daAuts
Depths:3: 1871 daAuts
Vaults:2: 1743 daAuts
